Workbook

Sheet Driver Assumptions
C2: ($ in millions, unless stated otherwise)
C3: Case Toggle | D3: 4
C4: Selected Case | D4: =CHOOSE(D3,"Downside","Base","Upside","Sensitivity (idle = Base)") -> Sensitivity (idle = Base)
C6: Driver Assumptions | E6: =Model!G28 -> 46022 | F6: =EOMONTH(E6,12) -> 46387 | G6: =EOMONTH(F6,12) -> 46752 | H6: =EOMONTH(G6,12) -> 47118 | I6: =EOMONTH(H6,12) -> 47483 | J6: =EOMONTH(I6,12) -> 47848 | K6: =EOMONTH(J6,12) -> 48213 | L6: =EOMONTH(K6,12) -> 48579 | M6: =EOMONTH(L6,12) -> 48944 | ... P6: =EOMONTH(O6,12) -> 50040 | Q6: Source
C8: Gross RMR Adds (% Open. RMR) | E8: =Model!G31 -> 0.131 | F8: =CHOOSE($D$3,F9,F10,F11,Sensitivity!C171) -> 0.132 | G8: =CHOOSE($D$3,G9,G10,G11,Sensitivity!D171) -> 0.134 | H8: =CHOOSE($D$3,H9,H10,H11,Sensitivity!E171) -> 0.136 | I8: =CHOOSE($D$3,I9,I10,I11,Sensitivity!F171) -> 0.138 | J8: =CHOOSE($D$3,J9,J10,J11,Sensitivity!G171) -> 0.139 | K8: =CHOOSE($D$3,K9,K10,K11,Sensitivity!H171) -> 0.14 | L8: =CHOOSE($D$3,L9,L10,L11,Sensitivity!I171) -> 0.14 | M8: =CHOOSE($D$3,M9,M10,M11,Sensitivity!J171) -> 0.14 | ... P8: =CHOOSE($D$3,P9,P10,P11,Sensitivity!M171) -> 0.14 | Q8: FY25A implied from RMR roll-forward; incl. price. Cases: deal team
C9: Case 1: Downside Case | F9: 0.131 | G9: 0.129 | H9: 0.127 | I9: 0.125 | J9: 0.124 | K9: 0.123 | L9: 0.123 | M9: 0.123 | N9: 0.123 | O9: 0.123 | P9: 0.123
C10: Case 2: Base Case | F10: 0.132 | G10: 0.134 | H10: 0.136 | I10: 0.138 | J10: 0.139 | K10: 0.14 | L10: 0.14 | M10: 0.14 | N10: 0.14 | O10: 0.14 | P10: 0.14
C11: Case 3: Upside Case | F11: 0.133 | G11: 0.137 | H11: 0.14 | I11: 0.143 | J11: 0.145 | K11: 0.147 | L11: 0.147 | M11: 0.147 | N11: 0.147 | O11: 0.147 | P11: 0.147
C13: Gross Revenue Attrition | E13: =Model!G33 -> 0.131 | F13: =CHOOSE($D$3,F14,F15,F16,Sensitivity!C172) -> 0.131 | G13: =CHOOSE($D$3,G14,G15,G16,Sensitivity!D172) -> 0.128 | H13: =CHOOSE($D$3,H14,H15,H16,Sensitivity!E172) -> 0.124 | I13: =CHOOSE($D$3,I14,I15,I16,Sensitivity!F172) -> 0.12 | J13: =CHOOSE($D$3,J14,J15,J16,Sensitivity!G172) -> 0.117 | K13: =CHOOSE($D$3,K14,K15,K16,Sensitivity!H172) -> 0.115 | L13: =CHOOSE($D$3,L14,L15,L16,Sensitivity!I172) -> 0.115 | M13: =CHOOSE($D$3,M14,M15,M16,Sensitivity!J172) -> 0.115 | ... P13: =CHOOSE($D$3,P14,P15,P16,Sensitivity!M172) -> 0.115 | Q13: FY25A 13.1% (ER-25Q4); 100 bps ≈ $40M recurring revenue (10-Q)
C14: Case 1: Downside Case | F14: 0.132 | G14: 0.134 | H14: 0.136 | I14: 0.138 | J14: 0.14 | K14: 0.14 | L14: 0.14 | M14: 0.14 | N14: 0.14 | O14: 0.14 | P14: 0.14
C15: Case 2: Base Case | F15: 0.131 | G15: 0.128 | H15: 0.124 | I15: 0.12 | J15: 0.117 | K15: 0.115 | L15: 0.115 | M15: 0.115 | N15: 0.115 | O15: 0.115 | P15: 0.115
C16: Case 3: Upside Case | F16: 0.13 | G16: 0.124 | H16: 0.118 | I16: 0.113 | J16: 0.11 | K16: 0.108 | L16: 0.108 | M16: 0.108 | N16: 0.108 | O16: 0.108 | P16: 0.108
C18: Install. Rev. / Gross Adds (x) | E18: =Model!G41 -> 16.479194 | F18: =CHOOSE($D$3,F19,F20,F21,Sensitivity!C173) -> 18 | G18: =CHOOSE($D$3,G19,G20,G21,Sensitivity!D173) -> 18.5 | H18: =CHOOSE($D$3,H19,H20,H21,Sensitivity!E173) -> 19 | I18: =CHOOSE($D$3,I19,I20,I21,Sensitivity!F173) -> 19.5 | J18: =CHOOSE($D$3,J19,J20,J21,Sensitivity!G173) -> 20 | K18: =CHOOSE($D$3,K19,K20,K21,Sensitivity!H173) -> 20.5 | L18: =CHOOSE($D$3,L19,L20,L21,Sensitivity!I173) -> 20.5 | M18: =CHOOSE($D$3,M19,M20,M21,Sensitivity!J173) -> 20.5 | ... P18: =CHOOSE($D$3,P19,P20,P21,Sensitivity!M173) -> 20.5 | Q18: Outright-sale mix rising (~30% of new subs, 10-Q Q1'26)
C19: Case 1: Downside Case | F19: 17 | G19: 17 | H19: 17 | I19: 17 | J19: 17 | K19: 17 | L19: 17 | M19: 17 | N19: 17 | O19: 17 | P19: 17
C20: Case 2: Base Case | F20: 18 | G20: 18.5 | H20: 19 | I20: 19.5 | J20: 20 | K20: 20.5 | L20: 20.5 | M20: 20.5 | N20: 20.5 | O20: 20.5 | P20: 20.5
C21: Case 3: Upside Case | F21: 18.5 | G21: 19.5 | H21: 20.5 | I21: 21.5 | J21: 22 | K21: 22.5 | L21: 22.5 | M21: 22.5 | N21: 22.5 | O21: 22.5 | P21: 22.5
C23: M&S Cost (% of M&S Rev.) | E23: =Model!G45 -> 0.14745062 | F23: =CHOOSE($D$3,F24,F25,F26,Sensitivity!C174) -> 0.145 | G23: =CHOOSE($D$3,G24,G25,G26,Sensitivity!D174) -> 0.14 | H23: =CHOOSE($D$3,H24,H25,H26,Sensitivity!E174) -> 0.135 | I23: =CHOOSE($D$3,I24,I25,I26,Sensitivity!F174) -> 0.13 | J23: =CHOOSE($D$3,J24,J25,J26,Sensitivity!G174) -> 0.125 | K23: =CHOOSE($D$3,K24,K25,K26,Sensitivity!H174) -> 0.12 | L23: =CHOOSE($D$3,L24,L25,L26,Sensitivity!I174) -> 0.12 | M23: =CHOOSE($D$3,M24,M25,M26,Sensitivity!J174) -> 0.12 | ... P23: =CHOOSE($D$3,P24,P25,P26,Sensitivity!M174) -> 0.12 | Q23: AI monitoring / remote assistance lever (deal team)
C24: Case 1: Downside Case | F24: 0.147 | G24: 0.147 | H24: 0.147 | I24: 0.147 | J24: 0.147 | K24: 0.147 | L24: 0.147 | M24: 0.147 | N24: 0.147 | O24: 0.147 | P24: 0.147
C25: Case 2: Base Case | F25: 0.145 | G25: 0.14 | H25: 0.135 | I25: 0.13 | J25: 0.125 | K25: 0.12 | L25: 0.12 | M25: 0.12 | N25: 0.12 | O25: 0.12 | P25: 0.12
C26: Case 3: Upside Case | F26: 0.143 | G26: 0.135 | H26: 0.125 | I26: 0.115 | J26: 0.11 | K26: 0.105 | L26: 0.105 | M26: 0.105 | N26: 0.105 | O26: 0.105 | P26: 0.105
C28: Adj. SG&A (% of Revenue) | E28: =Model!G52 -> 0.2858257 | F28: =CHOOSE($D$3,F29,F30,F31,Sensitivity!C175) -> 0.285 | G28: =CHOOSE($D$3,G29,G30,G31,Sensitivity!D175) -> 0.275 | H28: =CHOOSE($D$3,H29,H30,H31,Sensitivity!E175) -> 0.265 | I28: =CHOOSE($D$3,I29,I30,I31,Sensitivity!F175) -> 0.255 | J28: =CHOOSE($D$3,J29,J30,J31,Sensitivity!G175) -> 0.248 | K28: =CHOOSE($D$3,K29,K30,K31,Sensitivity!H175) -> 0.242 | L28: =CHOOSE($D$3,L29,L30,L31,Sensitivity!I175) -> 0.242 | M28: =CHOOSE($D$3,M29,M30,M31,Sensitivity!J175) -> 0.242 | ... P28: =CHOOSE($D$3,P29,P30,P31,Sensitivity!M175) -> 0.242 | Q28: Adj. EBITDA less gross profit; AI service and G&A (deal team)
C29: Case 1: Downside Case | F29: 0.288 | G29: 0.29 | H29: 0.29 | I29: 0.29 | J29: 0.29 | K29: 0.29 | L29: 0.29 | M29: 0.29 | N29: 0.29 | O29: 0.29 | P29: 0.29
C30: Case 2: Base Case | F30: 0.285 | G30: 0.275 | H30: 0.265 | I30: 0.255 | J30: 0.248 | K30: 0.242 | L30: 0.242 | M30: 0.242 | N30: 0.242 | O30: 0.242 | P30: 0.242
C31: Case 3: Upside Case | F31: 0.282 | G31: 0.265 | H31: 0.25 | I31: 0.24 | J31: 0.23 | K31: 0.225 | L31: 0.225 | M31: 0.225 | N31: 0.225 | O31: 0.225 | P31: 0.225
C33: Net SAC / Gross Adds (x) | E33: =Model!G66 -> 24.41047 | F33: =CHOOSE($D$3,F34,F35,F36,Sensitivity!C176) -> 24 | G33: =CHOOSE($D$3,G34,G35,G36,Sensitivity!D176) -> 23.5 | H33: =CHOOSE($D$3,H34,H35,H36,Sensitivity!E176) -> 23 | I33: =CHOOSE($D$3,I34,I35,I36,Sensitivity!F176) -> 22.8 | J33: =CHOOSE($D$3,J34,J35,J36,Sensitivity!G176) -> 22.5 | K33: =CHOOSE($D$3,K34,K35,K36,Sensitivity!H176) -> 22.2 | L33: =CHOOSE($D$3,L34,L35,L36,Sensitivity!I176) -> 22.2 | M33: =CHOOSE($D$3,M34,M35,M36,Sensitivity!J176) -> 22.2 | ... P33: =CHOOSE($D$3,P34,P35,P36,Sensitivity!M176) -> 22.2 | Q33: RMR creation multiple; FY25A 24.4x (CF tab)
C34: Case 1: Downside Case | F34: 24.4 | G34: 25 | H34: 25.5 | I34: 26 | J34: 26.5 | K34: 26.5 | L34: 26.5 | M34: 26.5 | N34: 26.5 | O34: 26.5 | P34: 26.5
C35: Case 2: Base Case | F35: 24 | G35: 23.5 | H35: 23 | I35: 22.8 | J35: 22.5 | K35: 22.2 | L35: 22.2 | M35: 22.2 | N35: 22.2 | O35: 22.2 | P35: 22.2
C36: Case 3: Upside Case | F36: 23.5 | G36: 22.5 | H36: 21.8 | I36: 21.2 | J36: 20.8 | K36: 20.5 | L36: 20.5 | M36: 20.5 | N36: 20.5 | O36: 20.5 | P36: 20.5
C38: Install. Cost (% of Install. Rev.) | E38: =Model!G47 -> 0.44 | F38: 0.45 | G38: 0.45 | H38: 0.45 | I38: 0.45 | J38: 0.45 | K38: 0.45 | L38: 0.45 | M38: 0.45 | N38: 0.45 | O38: 0.45 | P38: 0.45 | Q38: FY25A 44.0%; H1'26 45.3% (ER-26Q2)
C41: Case Comparison | D41: Live | E41: Downside | F41: Base | G41: Upside
C42: Case # | E42: 1 | F42: 2 | G42: 3
C43: Revenue FY27E | D43: =Model!I42 -> 5262.28 | E43: 5125.2716 | F43: 5262.28 | G43: 5357.3936
C44: Revenue FY31E | D44: =Model!M42 -> 5766.4793 | E44: 4848.2158 | F44: 5766.4793 | G44: 6228.1833
C45: Revenue FY36E | D45: =Model!R42 -> 6524.2421 | E45: 4449.8926 | F45: 6524.2421 | G45: 7541.1768
C46: Closing RMR FY31E | D46: =Model!M34 -> 390.14816 | E46: 337.61555 | F46: 390.14816 | G46: 412.90377
C47: Attrition FY31E | D47: =Model!M33 -> 0.115 | E47: 0.14 | F47: 0.115 | G47: 0.108
C48: Adj. EBITDA FY27E | D48: =Model!I53 -> 2802.27 | E48: 2647.2185 | F48: 2802.27 | G48: 2911.4233
C49: Adj. EBITDA FY31E | D49: =Model!M53 -> 3318.5169 | E49: 2511.9422 | F49: 3318.5169 | G49: 3719.409
C50: Adj. EBITDA FY36E | D50: =Model!R53 -> 3754.5973 | E50: 2305.5642 | F50: 3754.5973 | G50: 4503.5156
C51: Adj. EBITDA Margin FY31E | D51: =Model!M54 -> 0.57548406 | E51: 0.51811682 | F51: 0.57548406 | G51: 0.59719003
C52: Debt Paydown FY27–31 | D52: =Model!H120-Model!M120 -> 3573.2446 | E52: 1584.6096 | F52: 3573.2446 | G52: 4796.9687
C53: Net Debt / EBITDA FY31E | D53: =Model!M123 -> 2.3379673 | E53: 3.8803517 | F53: 2.3379673 | G53: 1.7569619
C54: Exit EV FY31E | D54: =Model!M133 -> 19911.102 | E54: 15071.653 | F54: 19911.102 | G54: 22316.454
C55: Equity to Investors FY31E | D55: =Model!M138 -> 11770.167 | E55: 5283.4875 | F55: 11770.167 | G55: 15217.79
C56: 5-Year IRR | D56: =Model!M140 -> 0.21173549 | E56: 0.032370155 | F56: 0.21173549 | G56: 0.27562088
C57: 5-Year MOIC | D57: =Model!M141 -> 2.6123968 | E57: 1.1726738 | F57: 2.6123968 | G57: 3.377599
C58: Equity to Investors FY36E | D58: =Model!R138 -> 20432.463 | E58: 5616.6813 | F58: 20432.463 | G58: 28419.647
C59: 10-Year IRR | D59: =Model!R140 -> 0.16320892 | E59: 0.022288864 | F59: 0.16320892 | G59: 0.20222989
C60: 10-Year MOIC | D60: =Model!R141 -> 4.5349993 | E60: 1.2466263 | F60: 4.5349993 | G60: 6.3077605

Sheet Model
C2: ($ in millions, unless stated otherwise; LTM to 30-Jun-26)
C3: General Assumptions | U3: Transaction / Capitalization Detail
C4: Transaction Date | E4: 46387 | G4: Transaction Fees | I4: 175 | K4: D&A (% of Rev.) | M4: 0.265 | U4: LTM Q2'26 Adj. EBITDA | Y4: ='Income Statement'!G21 -> 2689.842
C5: Offer Price / Share | E5: 10 | G5: Minimum Cash | I5: 100 | K5: Hurdle IRR | M5: 0.2 | U5: Signed Offer / Share | Y5: 10
C6: Exit EV / LTM Adj. EBITDA | E6: 6 | G6: Tax Rate | I6: 0.25 | K6: Change in NWC (% of Δ Rev.) | M6: 0.01 | U6: Unaffected Close (27-Oct-26) | Y6: 6.87
C7: MIP (% of Equity Gain) | E7: 0.05 | G7: Total Leverage (x) | I7: 4.25 | K7: PP&E CapEx (% of Rev.) | M7: 0.034 | U7: Premium to Unaffected | Y7: =Y5/Y6-1 -> 0.45560408
C8: Circularity | E8: 1 | G8: Mgmt Rollover | I8: 50 | K8: Attrition Sens. (pp) | M8: 0 | U8: Equity Value per Release | Y8: 7600
U9: Implied FD Shares (mm) | Y9: =Y8/Y5 -> 760
C10: Financing Assumptions | U10: Purchase Equity Value | Y10: =IF('Driver Assumptions'!$D$3=4,Sensitivity!$C$178,$E$5)*Y9 -> 7600
D11: Commitment Fee | E11: Commitment | F11: Amount | G11: x EBITDA | H11: Rate | I11: SOFR Floor | J11: % Amort. | K11: Life (Yrs) | L11: Fee (%) | M11: Fee ($) | U11: (+) Debt incl. Leases | Y11: ='Balance Sheet'!B34 -> 7833.697
C12: Revolver (undrawn) | D12: 0.00375 | E12: 800 | F12: 0 | G12: 0 | H12: 300 | I12: 0.005 | J12: 0 | K12: 5 | L12: 0.005 | M12: =L12*E12 -> 4 | U12: (-) Cash | Y12: =-'Balance Sheet'!D5 -> -4
C13: First Lien Term Loan | D13: 0 | E13: 0 | F13: =G13*$Y$4 -> 8741.9865 | G13: 3.25 | H13: 325 | I13: 0.005 | J13: 0.01 | K13: 7 | L13: 0.02 | M13: =L13*F13 -> 174.83973 | U13: TEV at Offer | Y13: =SUM(Y10:Y12) -> 15429.697
C14: Second Lien Notes | D14: 0 | E14: 0 | F14: =G14*$Y$4 -> 2689.842 | G14: =G16-SUM(G12:G13) -> 1 | H14: 0.09 | I14: 0 | J14: 0 | K14: 8 | L14: 0.02 | M14: =L14*F14 -> 53.79684 | U14: TEV per Release | Y14: 15300
U15: TEV / LTM Adj. EBITDA | Y15: =Y13/Y4 -> 5.7362838
C16: Total | F16: =SUM(F12:F14) -> 11431.828 | G16: =I7 -> 4.25 | M16: =SUM(M12:M14) -> 232.63657 | U16: TEV / FY26E Adj. EBITDA | Y16: =Y13/H53 -> 5.6955873
C18: Sources | G18: Uses
C19: Revolver | E19: =F12 -> 0 | G19: Purchase Equity Value | I19: =Y10 -> 7600
C20: First Lien Term Loan | E20: =F13 -> 8741.9865 | G20: Refinance Debt, net of Cash | I20: =Y11+Y12 -> 7829.697
C21: Second Lien Notes | E21: =F14 -> 2689.842 | G21: Minimum Cash | I21: =I5 -> 100
C22: Mgmt Rollover | E22: =I8 -> 50 | G22: Transaction Fees | I22: =I4 -> 175
C23: Sponsor Equity (Thrive) | E23: =E24-SUM(E19:E22) -> 4455.5051 | G23: Financing Fees | I23: =M16 -> 232.63657
C24: Total Sources | E24: =I24 -> 15937.334 | G24: Total Uses | I24: =SUM(I19:I23) -> 15937.334
C26: Operating Assumptions
E27: Fiscal Year Ending Dec-31 | S27: CAGRs
E28: =DATE(2023,12,31) -> 45291 | F28: =EOMONTH(E28,12) -> 45657 | G28: =EOMONTH(F28,12) -> 46022 | H28: =EOMONTH(G28,12) -> 46387 | I28: =EOMONTH(H28,12) -> 46752 | J28: =EOMONTH(I28,12) -> 47118 | K28: =EOMONTH(J28,12) -> 47483 | L28: =EOMONTH(K28,12) -> 47848 | M28: =EOMONTH(L28,12) -> 48213 | ... R28: =EOMONTH(Q28,12) -> 50040 | S28: FY23–25 | T28: FY26–31
C29: Opening RMR | E29: n.a. | F29: =E34 -> 353 | G29: =F34 -> 359 | H29: =G34 -> 359 | I29: =H34 -> 359.359 | J29: =I34 -> 361.51515 | K29: =J34 -> 365.85334 | L29: =K34 -> 372.4387 | M29: =L34 -> 380.63235 | ... R29: =Q34 -> 430.65056
C30: (+) Gross RMR Additions | E30: n.a. | F30: =F34-F29-F32 -> 50.831 | G30: =G34-G29-G32 -> 47.029 | H30: =H29*H31 -> 47.388 | I30: =I29*I31 -> 48.154106 | J30: =J29*J31 -> 49.166061 | K30: =K29*K31 -> 50.48776 | L30: =L29*L31 -> 51.768979 | M30: =M29*M31 -> 53.288529 | N30: =N29*N31 -> 54.620742 | O30: =O29*O31 -> 55.98626 | ... R30: =R29*R31 -> 60.291079
C31: % of Opening RMR | E31: n.a. | F31: =F30/F29 -> 0.14399717 | G31: =G30/G29 -> 0.131 | H31: ='Driver Assumptions'!F8 -> 0.132 | I31: ='Driver Assumptions'!G8 -> 0.134 | J31: ='Driver Assumptions'!H8 -> 0.136 | K31: ='Driver Assumptions'!I8 -> 0.138 | L31: ='Driver Assumptions'!J8 -> 0.139 | M31: ='Driver Assumptions'!K8 -> 0.14 | N31: ='Driver Assumptions'!L8 -> 0.14 | O31: ='Driver Assumptions'!M8 -> 0.14 | ... R31: ='Driver Assumptions'!P8 -> 0.14
C32: (-) Attrition | E32: n.a. | F32: =-F29*F33 -> -44.831 | G32: =-G29*G33 -> -47.029 | H32: =-H29*H33 -> -47.029 | I32: =-I29*I33 -> -45.997952 | J32: =-J29*J33 -> -44.827879 | K32: =-K29*K33 -> -43.9024 | L32: =-L29*L33 -> -43.575327 | M32: =-M29*M33 -> -43.77272 | ... R32: =-R29*R33 -> -49.524815
C33: Attrition Rate | E33: ='Income Statement'!B26 -> 0.129 | F33: ='Income Statement'!C26 -> 0.127 | G33: ='Income Statement'!D26 -> 0.131 | H33: ='Driver Assumptions'!F13+$M$8 -> 0.131 | I33: ='Driver Assumptions'!G13+$M$8 -> 0.128 | J33: ='Driver Assumptions'!H13+$M$8 -> 0.124 | K33: ='Driver Assumptions'!I13+$M$8 -> 0.12 | L33: ='Driver Assumptions'!J13+$M$8 -> 0.117 | M33: ='Driver Assumptions'!K13+$M$8 -> 0.115 | N33: ='Driver Assumptions'!L13+$M$8 -> 0.115 | O33: ='Driver Assumptions'!M13+$M$8 -> 0.115 | ... R33: ='Driver Assumptions'!P13+$M$8 -> 0.115
C34: Closing RMR | E34: ='Income Statement'!B25 -> 353 | F34: ='Income Statement'!C25 -> 359 | G34: ='Income Statement'!D25 -> 359 | H34: =H29+H30+H32 -> 359.359 | I34: =I29+I30+I32 -> 361.51515 | J34: =J29+J30+J32 -> 365.85334 | K34: =K29+K30+K32 -> 372.4387 | L34: =L29+L30+L32 -> 380.63235 | M34: =M29+M30+M32 -> 390.14816 | N34: =N29+N30+N32 -> 399.90186 | O34: =O29+O30+O32 -> 409.89941 | ... R34: =R29+R30+R32 -> 441.41683 | S34: =IF(OR(E34<=0,G34<=0),"n.m.",(G34/E34)^(1/(YEAR($G$28)-YEAR($E$28)))-1) -> 0.0084627743 | T34: =IF(OR(H34<=0,M34<=0),"n.m.",(M34/H34)^(1/(YEAR($M$28)-YEAR($H$28)))-1) -> 0.016576829
C35: Average RMR | E35: n.a. | F35: =AVERAGE(F29,F34) -> 356 | G35: =AVERAGE(G29,G34) -> 359 | H35: =AVERAGE(H29,H34) -> 359.1795 | I35: =AVERAGE(I29,I34) -> 360.43708 | J35: =AVERAGE(J29,J34) -> 363.68424 | K35: =AVERAGE(K29,K34) -> 369.14602 | L35: =AVERAGE(L29,L34) -> 376.53552 | M35: =AVERAGE(M29,M34) -> 385.39025 | ... R35: =AVERAGE(R29,R34) -> 436.0337
C36: M&S Rev. / Avg. RMR (x) | E36: n.a. | F36: =F38/F35 -> 12.058989 | G36: =G38/G35 -> 12.128134 | H36: =G36 -> 12.128134 | I36: =H36 -> 12.128134 | J36: =I36 -> 12.128134 | K36: =J36 -> 12.128134 | L36: =K36 -> 12.128134 | M36: =L36 -> 12.128134 | N36: =M36 -> 12.128134 | O36: =N36 -> 12.128134 | ... R36: =Q36 -> 12.128134
C38: Monitoring & Related Services | E38: ='Income Statement'!B5 -> 4179 | F38: ='Income Statement'!C5 -> 4293 | G38: ='Income Statement'!D5 -> 4354 | H38: =H35*H36 -> 4356.177 | I38: =I35*I36 -> 4371.4291 | J38: =J35*J36 -> 4410.8111 | K38: =K35*K36 -> 4477.0522 | L38: =L35*L36 -> 4566.6731 | M38: =M35*M36 -> 4674.0645 | N38: =N35*N36 -> 4790.9161 | O38: =O35*O36 -> 4910.689 | ... R38: =R35*R36 -> 5288.275
C39: % Growth | E39: n.a. | F39: =F38/E38-1 -> 0.027279253 | G39: =G38/F38-1 -> 0.014209178 | H39: =H38/G38-1 -> 0.0005 | I39: =I38/H38-1 -> 0.0035012494 | J39: =J38/I38-1 -> 0.0090089731 | K39: =K38/J38-1 -> 0.015017893 | L39: =L38/K38-1 -> 0.020017839 | M39: =M38/L38-1 -> 0.02351632 | ... R39: =R38/Q38-1 -> 0.025
C40: Installation, Product & Other | E40: ='Income Statement'!B6 -> 474 | F40: ='Income Statement'!C6 -> 605 | G40: ='Income Statement'!D6 -> 775 | H40: =H30*H41 -> 852.984 | I40: =I30*I41 -> 890.85096 | J40: =J30*J41 -> 934.15516 | K40: =K30*K41 -> 984.51133 | L40: =L30*L41 -> 1035.3796 | M40: =M30*M41 -> 1092.4148 | N40: =N30*N41 -> 1119.7252 | O40: =O30*O41 -> 1147.7183 | ... R40: =R30*R41 -> 1235.9671
C41: x Gross RMR Adds | E41: n.a. | F41: =F40/F30 -> 11.902186 | G41: =G40/G30 -> 16.479194 | H41: ='Driver Assumptions'!F18 -> 18 | I41: ='Driver Assumptions'!G18 -> 18.5 | J41: ='Driver Assumptions'!H18 -> 19 | K41: ='Driver Assumptions'!I18 -> 19.5 | L41: ='Driver Assumptions'!J18 -> 20 | M41: ='Driver Assumptions'!K18 -> 20.5 | N41: ='Driver Assumptions'!L18 -> 20.5 | O41: ='Driver Assumptions'!M18 -> 20.5 | ... R41: ='Driver Assumptions'!P18 -> 20.5
C42: Total Revenue | E42: =E38+E40 -> 4653 | F42: =F38+F40 -> 4898 | G42: =G38+G40 -> 5129 | H42: =H38+H40 -> 5209.161 | I42: =I38+I40 -> 5262.28 | J42: =J38+J40 -> 5344.9663 | K42: =K38+K40 -> 5461.5636 | L42: =L38+L40 -> 5602.0527 | ... R42: =R38+R40 -> 6524.2421 | S42: =IF(OR(E42<=0,G42<=0),"n.m.",(G42/E42)^(1/(YEAR($G$28)-YEAR($E$28)))-1) -> 0.049904563 | T42: =IF(OR(H42<=0,M42<=0),"n.m.",(M42/H42)^(1/(YEAR($M$28)-YEAR($H$28)))-1) -> 0.020536617
C43: % Growth | E43: n.a. | F43: =F42/E42-1 -> 0.052654202 | G43: =G42/F42-1 -> 0.047162107 | H43: =H42/G42-1 -> 0.015628973 | I43: =I42/H42-1 -> 0.010197232 | J43: =J42/I42-1 -> 0.015713015 | K43: =K42/J42-1 -> 0.021814405 | L43: =L42/K42-1 -> 0.025723249 | M43: =M42/L42-1 -> 0.029351136 | ... R43: =R42/Q42-1 -> 0.025
C44: (-) M&S Cost of Revenue | E44: ='Income Statement'!B8 -> -604 | F44: ='Income Statement'!C8 -> -617 | G44: ='Income Statement'!D8 -> -642 | H44: =-H38*H45 -> -631.64567 | I44: =-I38*I45 -> -612.00007 | J44: =-J38*J45 -> -595.45951 | K44: =-K38*K45 -> -582.01679 | L44: =-L38*L45 -> -570.83414 | M44: =-M38*M45 -> -560.88774 | N44: =-N38*N45 -> -574.90993 | O44: =-O38*O45 -> -589.28268 | ... R44: =-R38*R45 -> -634.593
C45: % of M&S Revenue | E45: =-E44/E38 -> 0.14453218 | F45: =-F44/F38 -> 0.14372234 | G45: =-G44/G38 -> 0.14745062 | H45: ='Driver Assumptions'!F23 -> 0.145 | I45: ='Driver Assumptions'!G23 -> 0.14 | J45: ='Driver Assumptions'!H23 -> 0.135 | K45: ='Driver Assumptions'!I23 -> 0.13 | L45: ='Driver Assumptions'!J23 -> 0.125 | M45: ='Driver Assumptions'!K23 -> 0.12 | N45: ='Driver Assumptions'!L23 -> 0.12 | O45: ='Driver Assumptions'!M23 -> 0.12 | ... R45: ='Driver Assumptions'!P23 -> 0.12
C46: (-) Installation Cost | E46: ='Income Statement'!B9 -> -147 | F46: ='Income Statement'!C9 -> -230 | G46: ='Income Statement'!D9 -> -341 | H46: =-H40*H47 -> -383.8428 | I46: =-I40*I47 -> -400.88293 | J46: =-J40*J47 -> -420.36982 | K46: =-K40*K47 -> -443.0301 | L46: =-L40*L47 -> -465.92081 | M46: =-M40*M47 -> -491.58668 | N46: =-N40*N47 -> -503.87634 | O46: =-O40*O47 -> -516.47325 | ... R46: =-R40*R47 -> -556.1852
C47: % of Install. Revenue | E47: =-E46/E40 -> 0.31012658 | F47: =-F46/F40 -> 0.38016529 | G47: =-G46/G40 -> 0.44 | H47: ='Driver Assumptions'!F38 -> 0.45 | I47: ='Driver Assumptions'!G38 -> 0.45 | J47: ='Driver Assumptions'!H38 -> 0.45 | K47: ='Driver Assumptions'!I38 -> 0.45 | L47: ='Driver Assumptions'!J38 -> 0.45 | M47: ='Driver Assumptions'!K38 -> 0.45 | N47: ='Driver Assumptions'!L38 -> 0.45 | O47: ='Driver Assumptions'!M38 -> 0.45 | ... R47: ='Driver Assumptions'!P38 -> 0.45
C48: Gross Profit | E48: =E42+E44+E46 -> 3902 | F48: =F42+F44+F46 -> 4051 | G48: =G42+G44+G46 -> 4146 | H48: =H42+H44+H46 -> 4193.6725 | I48: =I42+I44+I46 -> 4249.397 | J48: =J42+J44+J46 -> 4329.137 | K48: =K42+K44+K46 -> 4436.5167 | L48: =L42+L44+L46 -> 4565.2978 | ... R48: =R42+R44+R46 -> 5333.4639
C49: % Margin | E49: =E48/E42 -> 0.83859875 | F49: =F48/F42 -> 0.82707227 | G49: =G48/G42 -> 0.80834471 | H49: =H48/H42 -> 0.80505719 | I49: =I48/I42 -> 0.80752012 | J49: =J48/J42 -> 0.80994654 | K49: =K48/K42 -> 0.81231622 | L49: =L48/L42 -> 0.81493302 | ... R49: =R48/R42 -> 0.81748406
C51: (-) Adj. SG&A, net | E51: ='Income Statement'!B23 -> -1421 | F51: ='Income Statement'!C23 -> -1473 | G51: ='Income Statement'!D23 -> -1466 | H51: =-H42*H52 -> -1484.6109 | I51: =-I42*I52 -> -1447.127 | J51: =-J42*J52 -> -1416.4161 | K51: =-K42*K52 -> -1392.6987 | L51: =-L42*L52 -> -1389.3091 | M51: =-M42*M52 -> -1395.488 | N51: =-N42*N52 -> -1430.3752 | O51: =-O42*O52 -> -1466.1346 | ... R51: =-R42*R52 -> -1578.8666
C52: % of Sales | E52: =-E51/E42 -> 0.30539437 | F52: =-F51/F42 -> 0.30073499 | G52: =-G51/G42 -> 0.2858257 | H52: ='Driver Assumptions'!F28 -> 0.285 | I52: ='Driver Assumptions'!G28 -> 0.275 | J52: ='Driver Assumptions'!H28 -> 0.265 | K52: ='Driver Assumptions'!I28 -> 0.255 | L52: ='Driver Assumptions'!J28 -> 0.248 | M52: ='Driver Assumptions'!K28 -> 0.242 | N52: ='Driver Assumptions'!L28 -> 0.242 | O52: ='Driver Assumptions'!M28 -> 0.242 | ... R52: ='Driver Assumptions'!P28 -> 0.242
C53: Adj. EBITDA | E53: =E48+E51 -> 2481 | F53: =F48+F51 -> 2578 | G53: =G48+G51 -> 2680 | H53: =H48+H51 -> 2709.0617 | I53: =I48+I51 -> 2802.27 | J53: =J48+J51 -> 2912.7209 | K53: =K48+K51 -> 3043.818 | L53: =L48+L51 -> 3175.9887 | ... R53: =R48+R51 -> 3754.5973 | S53: =IF(OR(E53<=0,G53<=0),"n.m.",(G53/E53)^(1/(YEAR($G$28)-YEAR($E$28)))-1) -> 0.03933132 | T53: =IF(OR(H53<=0,M53<=0),"n.m.",(M53/H53)^(1/(YEAR($M$28)-YEAR($H$28)))-1) -> 0.04141788
C54: % Margin | E54: =E53/E42 -> 0.53320438 | F54: =F53/F42 -> 0.52633728 | G54: =G53/G42 -> 0.52251901 | H54: =H53/H42 -> 0.52005719 | I54: =I53/I42 -> 0.53252012 | J54: =J53/J42 -> 0.54494654 | K54: =K53/K42 -> 0.55731622 | L54: =L53/L42 -> 0.56693302 | ... R54: =R53/R42 -> 0.57548406
C55: (-) D&A | E55: ='Income Statement'!B13 -> -1335 | F55: ='Income Statement'!C13 -> -1343 | G55: ='Income Statement'!D13 -> -1367 | H55: =-$M$4*H42 -> -1380.4277 | I55: =-$M$4*I42 -> -1394.5042 | J55: =-$M$4*J42 -> -1416.4161 | K55: =-$M$4*K42 -> -1447.3143 | L55: =-$M$4*L42 -> -1484.544 | M55: =-$M$4*M42 -> -1528.117 | N55: =-$M$4*N42 -> -1566.3199 | O55: =-$M$4*O42 -> -1605.4779 | ... R55: =-$M$4*R42 -> -1728.9242
C56: % of Sales | E56: =-E55/E42 -> 0.28691167 | F56: =-F55/F42 -> 0.27419355 | G56: =-G55/G42 -> 0.26652369 | H56: =-H55/H42 -> 0.265 | I56: =-I55/I42 -> 0.265 | J56: =-J55/J42 -> 0.265 | K56: =-K55/K42 -> 0.265 | L56: =-L55/L42 -> 0.265 | ... R56: =-R55/R42 -> 0.265
C57: EBIT | E57: =E53+E55 -> 1146 | F57: =F53+F55 -> 1235 | G57: =G53+G55 -> 1313 | H57: =H53+H55 -> 1328.634 | I57: =I53+I55 -> 1407.7658 | J57: =J53+J55 -> 1496.3048 | K57: =K53+K55 -> 1596.5036 | L57: =L53+L55 -> 1691.4447 | ... R57: =R53+R55 -> 2025.6731
C58: % Margin | E58: =E57/E42 -> 0.24629271 | F58: =F57/F42 -> 0.25214373 | G58: =G57/G42 -> 0.25599532 | H58: =H57/H42 -> 0.25505719 | I58: =I57/I42 -> 0.26752012 | J58: =J57/J42 -> 0.27994654 | K58: =K57/K42 -> 0.29231622 | L58: =L57/L42 -> 0.30193302 | ... R58: =R57/R42 -> 0.31048406
C59: (-) Net Interest Expense | E59: ='Income Statement'!B16 -> -570 | F59: ='Income Statement'!C16 -> -441 | G59: ='Income Statement'!D16 -> -459 | H59: =G59 -> -459 | I59: =-I124 -> -917.73871 | J59: =-J124 -> -868.16706 | K59: =-K124 -> -815.13519 | L59: =-L124 -> -751.10644 | M59: =-M124 -> -682.77986 | N59: =-N124 -> -605.84791 | O59: =-O124 -> -518.3017 | P59: =-P124 -> -423.78114 | ... R59: =-R124 -> -193.42979
C60: (-) Amortization of FF | E60: 0 | F60: 0 | G60: 0 | H60: =0 -> 0 | I60: =-IF(I$129<=$K$13,$M$16/$K$13,0) -> -33.233796 | J60: =-IF(J$129<=$K$13,$M$16/$K$13,0) -> -33.233796 | K60: =-IF(K$129<=$K$13,$M$16/$K$13,0) -> -33.233796 | L60: =-IF(L$129<=$K$13,$M$16/$K$13,0) -> -33.233796 | M60: =-IF(M$129<=$K$13,$M$16/$K$13,0) -> -33.233796 | N60: =-IF(N$129<=$K$13,$M$16/$K$13,0) -> -33.233796 | O60: =-IF(O$129<=$K$13,$M$16/$K$13,0) -> -33.233796 | P60: =-IF(P$129<=$K$13,$M$16/$K$13,0) -> 0 | ... R60: =-IF(R$129<=$K$13,$M$16/$K$13,0) -> 0
C61: EBT | E61: =E57+E59+E60 -> 576 | F61: =F57+F59+F60 -> 794 | G61: =G57+G59+G60 -> 854 | H61: =H57+H59+H60 -> 869.63399 | I61: =I57+I59+I60 -> 456.7933 | J61: =J57+J59+J60 -> 594.90399 | K61: =K57+K59+K60 -> 748.13464 | L61: =L57+L59+L60 -> 907.10448 | ... R61: =R57+R59+R60 -> 1832.2434
C62: (-) Taxes | E62: ='Income Statement'!B18 -> -161 | F62: ='Income Statement'!C18 -> -196 | G62: ='Income Statement'!D18 -> -233 | H62: =-MAX(0,H61)*$I$6 -> -217.4085 | I62: =-MAX(0,I61)*$I$6 -> -114.19833 | J62: =-MAX(0,J61)*$I$6 -> -148.726 | K62: =-MAX(0,K61)*$I$6 -> -187.03366 | L62: =-MAX(0,L61)*$I$6 -> -226.77612 | M62: =-MAX(0,M61)*$I$6 -> -268.59656 | N62: =-MAX(0,N61)*$I$6 -> -299.01955 | O62: =-MAX(0,O61)*$I$6 -> -332.37585 | ... R62: =-MAX(0,R61)*$I$6 -> -458.06084
C63: Net Income | E63: =E61+E62 -> 415 | F63: =F61+F62 -> 598 | G63: =G61+G62 -> 621 | H63: =H61+H62 -> 652.22549 | I63: =I61+I62 -> 342.59498 | J63: =J61+J62 -> 446.17799 | K63: =K61+K62 -> 561.10098 | L63: =L61+L62 -> 680.32836 | ... R63: =R61+R62 -> 1374.1825
C65: (-) Net SAC Investment | E65: ='Cash Flow'!B12 -> -1317 | F65: ='Cash Flow'!C12 -> -1223 | G65: ='Cash Flow'!D12 -> -1148 | H65: =-H30*H66 -> -1137.312 | I65: =-I30*I66 -> -1131.6215 | J65: =-J30*J66 -> -1130.8194 | K65: =-K30*K66 -> -1151.1209 | L65: =-L30*L66 -> -1164.802 | M65: =-M30*M66 -> -1183.0053 | N65: =-N30*N66 -> -1212.5805 | O65: =-O30*O66 -> -1242.895 | ... R65: =-R30*R66 -> -1338.462
C66: x Gross RMR Adds | E66: n.a. | F66: =-F65/F30 -> 24.060121 | G66: =-G65/G30 -> 24.41047 | H66: ='Driver Assumptions'!F33 -> 24 | I66: ='Driver Assumptions'!G33 -> 23.5 | J66: ='Driver Assumptions'!H33 -> 23 | K66: ='Driver Assumptions'!I33 -> 22.8 | L66: ='Driver Assumptions'!J33 -> 22.5 | M66: ='Driver Assumptions'!K33 -> 22.2 | N66: ='Driver Assumptions'!L33 -> 22.2 | O66: ='Driver Assumptions'!M33 -> 22.2 | ... R66: ='Driver Assumptions'!P33 -> 22.2
C67: (-) PP&E CapEx | E67: ='Cash Flow'!B8 -> -176 | F67: ='Cash Flow'!C8 -> -164 | G67: ='Cash Flow'!D8 -> -176 | H67: =-$M$7*H42 -> -177.11147 | I67: =-$M$7*I42 -> -178.91752 | J67: =-$M$7*J42 -> -181.72885 | K67: =-$M$7*K42 -> -185.69316 | L67: =-$M$7*L42 -> -190.46979 | M67: =-$M$7*M42 -> -196.0603 | N67: =-$M$7*N42 -> -200.9618 | O67: =-$M$7*O42 -> -205.98585 | ... R67: =-$M$7*R42 -> -221.82423
C68: % of Sales | E68: =-E67/E42 -> 0.037825059 | F68: =-F67/F42 -> 0.033483054 | G68: =-G67/G42 -> 0.034314681 | H68: =-H67/H42 -> 0.034 | I68: =-I67/I42 -> 0.034 | J68: =-J67/J42 -> 0.034 | K68: =-K67/K42 -> 0.034 | L68: =-L67/L42 -> 0.034 | ... R68: =-R67/R42 -> 0.034
C69: Adj. EBITDA less SAC & CapEx | E69: =E53+E65+E67 -> 988 | F69: =F53+F65+F67 -> 1191 | G69: =G53+G65+G67 -> 1356 | H69: =H53+H65+H67 -> 1394.6382 | I69: =I53+I65+I67 -> 1491.731 | J69: =J53+J65+J67 -> 1600.1727 | K69: =K53+K65+K67 -> 1707.0039 | L69: =L53+L65+L67 -> 1820.7169 | ... R69: =R53+R65+R67 -> 2194.3111 | S69: =IF(OR(E69<=0,G69<=0),"n.m.",(G69/E69)^(1/(YEAR($G$28)-YEAR($E$28)))-1) -> 0.17152449 | T69: =IF(OR(H69<=0,M69<=0),"n.m.",(M69/H69)^(1/(YEAR($M$28)-YEAR($H$28)))-1) -> 0.068177597
C70: % Conversion | E70: =E69/E53 -> 0.39822652 | F70: =F69/F53 -> 0.46198604 | G70: =G69/G53 -> 0.50597015 | H70: =H69/H53 -> 0.51480489 | I70: =I69/I53 -> 0.5323295 | J70: =J69/J53 -> 0.54937383 | K70: =K69/K53 -> 0.5608101 | L70: =L69/L53 -> 0.57327562 | ... R70: =R69/R53 -> 0.58443315
C72: Cash Flow | I72: =I28 -> 46752 | J72: =J28 -> 47118 | K72: =K28 -> 47483 | L72: =L28 -> 47848 | M72: =M28 -> 48213 | N72: =N28 -> 48579 | O72: =O28 -> 48944 | P72: =P28 -> 49309 | ... R72: =R28 -> 50040
C73: Net Income | I73: =I63 -> 342.59498 | J73: =J63 -> 446.17799 | K73: =K63 -> 561.10098 | L73: =L63 -> 680.32836 | M73: =M63 -> 805.78968 | N73: =N63 -> 897.05864 | O73: =O63 -> 997.12755 | P73: =P63 -> 1128.2128 | ... R73: =R63 -> 1374.1825
C74: (+) D&A | I74: =-I55 -> 1394.5042 | J74: =-J55 -> 1416.4161 | K74: =-K55 -> 1447.3143 | L74: =-L55 -> 1484.544 | M74: =-M55 -> 1528.117 | N74: =-N55 -> 1566.3199 | O74: =-O55 -> 1605.4779 | P74: =-P55 -> 1645.6149 | ... R74: =-R55 -> 1728.9242
C75: (-) Net SAC Investment | I75: =I65 -> -1131.6215 | J75: =J65 -> -1130.8194 | K75: =K65 -> -1151.1209 | L75: =L65 -> -1164.802 | M75: =M65 -> -1183.0053 | N75: =N65 -> -1212.5805 | O75: =O65 -> -1242.895 | P75: =P65 -> -1273.9674 | ... R75: =R65 -> -1338.462
C76: (+) Amortization of FF | I76: =-I60 -> 33.233796 | J76: =-J60 -> 33.233796 | K76: =-K60 -> 33.233796 | L76: =-L60 -> 33.233796 | M76: =-M60 -> 33.233796 | N76: =-N60 -> 33.233796 | O76: =-O60 -> 33.233796 | P76: =-P60 -> 0 | ... R76: =-R60 -> 0
C77: (-) Change in NWC | I77: =-$M$6*(I42-H42) -> -0.53119023 | J77: =-$M$6*(J42-I42) -> -0.82686284 | K77: =-$M$6*(K42-J42) -> -1.1659726 | L77: =-$M$6*(L42-K42) -> -1.4048916 | M77: =-$M$6*(M42-L42) -> -1.6442661 | N77: =-$M$6*(N42-M42) -> -1.4416198 | O77: =-$M$6*(O42-N42) -> -1.4776603 | P77: =-$M$6*(P42-O42) -> -1.5146018 | ... R77: =-$M$6*(R42-Q42) -> -1.5912786
C78: (-) PP&E CapEx | I78: =I67 -> -178.91752 | J78: =J67 -> -181.72885 | K78: =K67 -> -185.69316 | L78: =L67 -> -190.46979 | M78: =M67 -> -196.0603 | N78: =N67 -> -200.9618 | O78: =O67 -> -205.98585 | P78: =P67 -> -211.1355 | ... R78: =R67 -> -221.82423
C79: (-) Mandatory Amortization | I79: =I106 -> -87.419865 | J79: =J106 -> -87.419865 | K79: =K106 -> -87.419865 | L79: =L106 -> -87.419865 | M79: =M106 -> -87.419865 | N79: =N106 -> -87.419865 | O79: =O106 -> -87.419865 | P79: =P106 -> -87.419865 | ... R79: =R106 -> -87.419865
C80: Cash Flow Available for Revolver | I80: =SUM(I73:I79) -> 371.84291 | J80: =SUM(J73:J79) -> 495.03287 | K80: =SUM(K73:K79) -> 616.24918 | L80: =SUM(L73:L79) -> 754.00956 | M80: =SUM(M73:M79) -> 899.01073 | N80: =SUM(N73:N79) -> 994.20863 | O80: =SUM(O73:O79) -> 1098.0609 | P80: =SUM(P73:P79) -> 1199.7904 | ... R80: =SUM(R73:R79) -> 1453.8093
C81: (-) Revolver Paydown / (Drawdown) | I81: =I98 -> 0 | J81: =J98 -> 0 | K81: =K98 -> 0 | L81: =L98 -> 0 | M81: =M98 -> 0 | N81: =N98 -> 0 | O81: =O98 -> 0 | P81: =P98 -> 0 | ... R81: =R98 -> 0
C82: Cash Flow Available for First Lien | I82: =I80+I81 -> 371.84291 | J82: =J80+J81 -> 495.03287 | K82: =K80+K81 -> 616.24918 | L82: =L80+L81 -> 754.00956 | M82: =M80+M81 -> 899.01073 | N82: =N80+N81 -> 994.20863 | O82: =O80+O81 -> 1098.0609 | P82: =P80+P81 -> 1199.7904 | ... R82: =R80+R81 -> 1453.8093
C83: (-) Optional Paydown | I83: =I107 -> -371.84291 | J83: =J107 -> -495.03287 | K83: =K107 -> -616.24918 | L83: =L107 -> -754.00956 | M83: =M107 -> -899.01073 | N83: =N107 -> -994.20863 | O83: =O107 -> -1098.0609 | P83: =P107 -> -1199.7904 | ... R83: =R107 -> -120.8277
C84: Cash Flow Available for Second Lien | I84: =I82+I83 -> 0 | J84: =J82+J83 -> 0 | K84: =K82+K83 -> 0 | L84: =L82+L83 -> 0 | M84: =M82+M83 -> 0 | N84: =N82+N83 -> 0 | O84: =O82+O83 -> 0 | P84: =P82+P83 -> 0 | ... R84: =R82+R83 -> 1332.9816
C85: (-) Optional Paydown | I85: =I114 -> 0 | J85: =J114 -> 0 | K85: =K114 -> 0 | L85: =L114 -> 0 | M85: =M114 -> 0 | N85: =N114 -> 0 | O85: =O114 -> 0 | P85: =P114 -> 0 | ... R85: =R114 -> -1332.9816
C86: Excess Cash | I86: =I84+I85 -> 0 | J86: =J84+J85 -> 0 | K86: =K84+K85 -> 0 | L86: =L84+L85 -> 0 | M86: =M84+M85 -> 0 | N86: =N84+N85 -> 0 | O86: =O84+O85 -> 0 | P86: =P84+P85 -> 0 | ... R86: =R84+R85 -> 0
C88: Beginning Cash Balance | I88: =H90 -> 100 | J88: =I90 -> 100 | K88: =J90 -> 100 | L88: =K90 -> 100 | M88: =L90 -> 100 | N88: =M90 -> 100 | O88: =N90 -> 100 | P88: =O90 -> 100 | ... R88: =Q90 -> 100
C89: Net Change in Cash Flow | I89: =I86 -> 0 | J89: =J86 -> 0 | K89: =K86 -> 0 | L89: =L86 -> 0 | M89: =M86 -> 0 | N89: =N86 -> 0 | O89: =O86 -> 0 | P89: =P86 -> 0 | ... R89: =R86 -> 0
C90: Ending Cash Balance | H90: =I5 -> 100 | I90: =I88+I89 -> 100 | J90: =J88+J89 -> 100 | K90: =K88+K89 -> 100 | L90: =L88+L89 -> 100 | M90: =M88+M89 -> 100 | N90: =N88+N89 -> 100 | O90: =O88+O89 -> 100 | P90: =P88+P89 -> 100 | ... R90: =R88+R89 -> 100
C92: Debt Waterfall | I92: =I28 -> 46752 | J92: =J28 -> 47118 | K92: =K28 -> 47483 | L92: =L28 -> 47848 | M92: =M28 -> 48213 | N92: =N28 -> 48579 | O92: =O28 -> 48944 | P92: =P28 -> 49309 | ... R92: =R28 -> 50040
C94: SOFR Curve (3M fwd, 28-Oct-26) | I94: 0.046520779 | J94: 0.045468026 | K94: 0.045074245 | L94: 0.044450934 | M94: 0.044804378 | N94: 0.045453278 | O94: 0.045687394 | P94: 0.046637815 | Q94: 0.048235902 | R94: 0.047483474
C96: Revolver
C97: Beginning Balance | I97: =H99 -> 0 | J97: =I99 -> 0 | K97: =J99 -> 0 | L97: =K99 -> 0 | M97: =L99 -> 0 | N97: =M99 -> 0 | O97: =N99 -> 0 | P97: =O99 -> 0 | ... R97: =Q99 -> 0
C98: (-) Revolver Paydown / (Drawdown) | I98: =MIN($E$12-I97,-MIN(I$80,I97)) -> 0 | J98: =MIN($E$12-J97,-MIN(J$80,J97)) -> 0 | K98: =MIN($E$12-K97,-MIN(K$80,K97)) -> 0 | L98: =MIN($E$12-L97,-MIN(L$80,L97)) -> 0 | M98: =MIN($E$12-M97,-MIN(M$80,M97)) -> 0 | N98: =MIN($E$12-N97,-MIN(N$80,N97)) -> 0 | O98: =MIN($E$12-O97,-MIN(O$80,O97)) -> 0 | P98: =MIN($E$12-P97,-MIN(P$80,P97)) -> 0 | ... R98: =MIN($E$12-R97,-MIN(R$80,R97)) -> 0
C99: Ending Balance | H99: =F12 -> 0 | I99: =I97+I98 -> 0 | J99: =J97+J98 -> 0 | K99: =K97+K98 -> 0 | L99: =L97+L98 -> 0 | M99: =M97+M98 -> 0 | N99: =N97+N98 -> 0 | O99: =O97+O98 -> 0 | P99: =P97+P98 -> 0 | ... R99: =R97+R98 -> 0
C101: Interest Expense | I101: =IF($E$8=1,AVERAGE(I97,I99),I97)*(MAX(I$94,$I$12)+$H$12/10000) -> 0 | J101: =IF($E$8=1,AVERAGE(J97,J99),J97)*(MAX(J$94,$I$12)+$H$12/10000) -> 0 | K101: =IF($E$8=1,AVERAGE(K97,K99),K97)*(MAX(K$94,$I$12)+$H$12/10000) -> 0 | L101: =IF($E$8=1,AVERAGE(L97,L99),L97)*(MAX(L$94,$I$12)+$H$12/10000) -> 0 | M101: =IF($E$8=1,AVERAGE(M97,M99),M97)*(MAX(M$94,$I$12)+$H$12/10000) -> 0 | N101: =IF($E$8=1,AVERAGE(N97,N99),N97)*(MAX(N$94,$I$12)+$H$12/10000) -> 0 | O101: =IF($E$8=1,AVERAGE(O97,O99),O97)*(MAX(O$94,$I$12)+$H$12/10000) -> 0 | P101: =IF($E$8=1,AVERAGE(P97,P99),P97)*(MAX(P$94,$I$12)+$H$12/10000) -> 0 | ... R101: =IF($E$8=1,AVERAGE(R97,R99),R97)*(MAX(R$94,$I$12)+$H$12/10000) -> 0
C102: Unused Commitment Fee | I102: =($E$12-IF($E$8=1,AVERAGE(I97,I99),I97))*$D$12 -> 3 | J102: =($E$12-IF($E$8=1,AVERAGE(J97,J99),J97))*$D$12 -> 3 | K102: =($E$12-IF($E$8=1,AVERAGE(K97,K99),K97))*$D$12 -> 3 | L102: =($E$12-IF($E$8=1,AVERAGE(L97,L99),L97))*$D$12 -> 3 | M102: =($E$12-IF($E$8=1,AVERAGE(M97,M99),M97))*$D$12 -> 3 | N102: =($E$12-IF($E$8=1,AVERAGE(N97,N99),N97))*$D$12 -> 3 | O102: =($E$12-IF($E$8=1,AVERAGE(O97,O99),O97))*$D$12 -> 3 | P102: =($E$12-IF($E$8=1,AVERAGE(P97,P99),P97))*$D$12 -> 3 | ... R102: =($E$12-IF($E$8=1,AVERAGE(R97,R99),R97))*$D$12 -> 3
C104: First Lien Term Loan
C105: Beginning Balance | I105: =H108 -> 8741.9865 | J105: =I108 -> 8282.7237 | K105: =J108 -> 7700.271 | L105: =K108 -> 6996.6019 | M105: =L108 -> 6155.1725 | N105: =M108 -> 5168.7419 | O105: =N108 -> 4087.1134 | P105: =O108 -> 2901.6326 | ... R105: =Q108 -> 208.24757
C106: (-) Mandatory Amortization | I106: =-MIN($H$108*$J$13,I105) -> -87.419865 | J106: =-MIN($H$108*$J$13,J105) -> -87.419865 | K106: =-MIN($H$108*$J$13,K105) -> -87.419865 | L106: =-MIN($H$108*$J$13,L105) -> -87.419865 | M106: =-MIN($H$108*$J$13,M105) -> -87.419865 | N106: =-MIN($H$108*$J$13,N105) -> -87.419865 | O106: =-MIN($H$108*$J$13,O105) -> -87.419865 | P106: =-MIN($H$108*$J$13,P105) -> -87.419865 | ... R106: =-MIN($H$108*$J$13,R105) -> -87.419865
C107: (-) Cash Sweep | I107: =-MIN(I105+I106,MAX(0,I82)) -> -371.84291 | J107: =-MIN(J105+J106,MAX(0,J82)) -> -495.03287 | K107: =-MIN(K105+K106,MAX(0,K82)) -> -616.24918 | L107: =-MIN(L105+L106,MAX(0,L82)) -> -754.00956 | M107: =-MIN(M105+M106,MAX(0,M82)) -> -899.01073 | N107: =-MIN(N105+N106,MAX(0,N82)) -> -994.20863 | O107: =-MIN(O105+O106,MAX(0,O82)) -> -1098.0609 | P107: =-MIN(P105+P106,MAX(0,P82)) -> -1199.7904 | ... R107: =-MIN(R105+R106,MAX(0,R82)) -> -120.8277
C108: Ending Balance | H108: =F13 -> 8741.9865 | I108: =SUM(I105:I107) -> 8282.7237 | J108: =SUM(J105:J107) -> 7700.271 | K108: =SUM(K105:K107) -> 6996.6019 | L108: =SUM(L105:L107) -> 6155.1725 | M108: =SUM(M105:M107) -> 5168.7419 | N108: =SUM(N105:N107) -> 4087.1134 | O108: =SUM(O105:O107) -> 2901.6326 | P108: =SUM(P105:P107) -> 1614.4224 | ... R108: =SUM(R105:R107) -> 0
C110: Interest Expense | I110: =IF($E$8=1,AVERAGE(I105,I108),I105)*(MAX(I$94,$I$13)+$H$13/10000) -> 672.65293 | J110: =IF($E$8=1,AVERAGE(J105,J108),J105)*(MAX(J$94,$I$13)+$H$13/10000) -> 623.08128 | K110: =IF($E$8=1,AVERAGE(K105,K108),K105)*(MAX(K$94,$I$13)+$H$13/10000) -> 570.04941 | L110: =IF($E$8=1,AVERAGE(L105,L108),L105)*(MAX(L$94,$I$13)+$H$13/10000) -> 506.02066 | M110: =IF($E$8=1,AVERAGE(M105,M108),M105)*(MAX(M$94,$I$13)+$H$13/10000) -> 437.69408 | N110: =IF($E$8=1,AVERAGE(N105,N108),N105)*(MAX(N$94,$I$13)+$H$13/10000) -> 360.76213 | O110: =IF($E$8=1,AVERAGE(O105,O108),O105)*(MAX(O$94,$I$13)+$H$13/10000) -> 273.21592 | P110: =IF($E$8=1,AVERAGE(P105,P108),P105)*(MAX(P$94,$I$13)+$H$13/10000) -> 178.69536 | ... R110: =IF($E$8=1,AVERAGE(R105,R108),R105)*(MAX(R$94,$I$13)+$H$13/10000) -> 8.328182
C112: Second Lien Notes
C113: Beginning Balance | I113: =H115 -> 2689.842 | J113: =I115 -> 2689.842 | K113: =J115 -> 2689.842 | L113: =K115 -> 2689.842 | M113: =L115 -> 2689.842 | N113: =M115 -> 2689.842 | O113: =N115 -> 2689.842 | P113: =O115 -> 2689.842 | ... R113: =Q115 -> 2689.842
C114: (-) Cash Sweep | I114: =-MIN(MAX(0,I84),I113) -> 0 | J114: =-MIN(MAX(0,J84),J113) -> 0 | K114: =-MIN(MAX(0,K84),K113) -> 0 | L114: =-MIN(MAX(0,L84),L113) -> 0 | M114: =-MIN(MAX(0,M84),M113) -> 0 | N114: =-MIN(MAX(0,N84),N113) -> 0 | O114: =-MIN(MAX(0,O84),O113) -> 0 | P114: =-MIN(MAX(0,P84),P113) -> 0 | ... R114: =-MIN(MAX(0,R84),R113) -> -1332.9816
C115: Ending Balance | H115: =F14 -> 2689.842 | I115: =I113+I114 -> 2689.842 | J115: =J113+J114 -> 2689.842 | K115: =K113+K114 -> 2689.842 | L115: =L113+L114 -> 2689.842 | M115: =M113+M114 -> 2689.842 | N115: =N113+N114 -> 2689.842 | O115: =O113+O114 -> 2689.842 | P115: =P113+P114 -> 2689.842 | ... R115: =R113+R114 -> 1356.8604
...

Sheet LBO Output
C2: ADT LBO Output
C3: ($ in millions; close 31-Dec-26; exits FY31 and FY36)
C4: ="Base 5-yr IRR "&TEXT(Model!M140,"0.0%")&" vs. "&TEXT(Model!M5,"0%")&" hurdle; walk-away "&TEXT(F88,"$0.00")&"/sh" -> Base 5-yr IRR 21.2% vs. 20% hurdle; walk-away $10.34/sh
C5: Sources | E5: x LTM EBITDA | F5: Amount | G5: % Total | I5: Returns Summary | K5: Live | L5: Downside | M5: Base | N5: Upside
C6: First Lien Term Loan | E6: =Model!G13 -> 3.25 | F6: =Model!E20 -> 8741.9865 | G6: =F6/$F$10 -> 0.54852253 | I6: Entry TEV | K6: =Model!Y13 -> 15429.697 | L6: =$K6 -> 15429.697 | M6: =$K6 -> 15429.697 | N6: =$K6 -> 15429.697
C7: Second Lien Notes | E7: =Model!G14 -> 1 | F7: =Model!E21 -> 2689.842 | G7: =F7/$F$10 -> 0.16877616 | I7: Offer Price / Share | K7: =Model!E5 -> 10 | L7: =$K7 -> 10 | M7: =$K7 -> 10 | N7: =$K7 -> 10
C8: Mgmt Rollover | E8: =F8/Model!$Y$4 -> 0.018588452 | F8: =Model!E22 -> 50 | G8: =F8/$F$10 -> 0.0031372877 | I8: TEV / LTM Adj. EBITDA | K8: =Model!Y15 -> 5.7362838 | L8: =$K8 -> 5.7362838 | M8: =$K8 -> 5.7362838 | N8: =$K8 -> 5.7362838
C9: Sponsor Equity (Thrive) | E9: =F9/Model!$Y$4 -> 1.6564189 | F9: =Model!E23 -> 4455.5051 | G9: =F9/$F$10 -> 0.27956402 | I9: Premium to Unaffected | K9: =Model!Y7 -> 0.45560408 | L9: =$K9 -> 0.45560408 | M9: =$K9 -> 0.45560408 | N9: =$K9 -> 0.45560408
C10: Total Sources | E10: =F10/Model!$Y$4 -> 5.9250073 | F10: =SUM(F6:F9) -> 15937.334 | G10: =SUM(G6:G9) -> 1 | I10: Total Debt / LTM EBITDA | K10: =Model!G16 -> 4.25 | L10: =$K10 -> 4.25 | M10: =$K10 -> 4.25 | N10: =$K10 -> 4.25
I11: Equity Invested | K11: =Model!I139 -> 4505.5051 | L11: =$K11 -> 4505.5051 | M11: =$K11 -> 4505.5051 | N11: =$K11 -> 4505.5051
C12: Uses | E12: x LTM EBITDA | F12: Amount | G12: % Total | I12: FY31E Adj. EBITDA | K12: =Model!M53 -> 3318.5169 | L12: ='Driver Assumptions'!E49 -> 2511.9422 | M12: ='Driver Assumptions'!F49 -> 3318.5169 | N12: ='Driver Assumptions'!G49 -> 3719.409
C13: Purchase Equity Value | E13: =F13/Model!$Y$4 -> 2.8254448 | F13: =Model!I19 -> 7600 | G13: =F13/$F$18 -> 0.47686772 | I13: Exit EV (FY31) | K13: =Model!M133 -> 19911.102 | L13: ='Driver Assumptions'!E54 -> 15071.653 | M13: ='Driver Assumptions'!F54 -> 19911.102 | N13: ='Driver Assumptions'!G54 -> 22316.454
C14: Refinance Debt, net of Cash | E14: =F14/Model!$Y$4 -> 2.910839 | F14: =Model!I20 -> 7829.697 | G14: =F14/$F$18 -> 0.49128024 | I14: Equity to Investors (FY31) | K14: =Model!M138 -> 11770.167 | L14: ='Driver Assumptions'!E55 -> 5283.4875 | M14: ='Driver Assumptions'!F55 -> 11770.167 | N14: ='Driver Assumptions'!G55 -> 15217.79
C15: Minimum Cash | E15: =F15/Model!$Y$4 -> 0.037176905 | F15: =Model!I21 -> 100 | G15: =F15/$F$18 -> 0.0062745753 | I15: 5-Year IRR | K15: =Model!M140 -> 0.21173549 | L15: ='Driver Assumptions'!E56 -> 0.032370155 | M15: ='Driver Assumptions'!F56 -> 0.21173549 | N15: ='Driver Assumptions'!G56 -> 0.27562088
C16: Transaction Fees | E16: =F16/Model!$Y$4 -> 0.065059583 | F16: =Model!I22 -> 175 | G16: =F16/$F$18 -> 0.010980507 | I16: 5-Year MOIC | K16: =Model!M141 -> 2.6123968 | L16: ='Driver Assumptions'!E57 -> 1.1726738 | M16: ='Driver Assumptions'!F57 -> 2.6123968 | N16: ='Driver Assumptions'!G57 -> 3.377599
C17: Financing Fees | E17: =F17/Model!$Y$4 -> 0.086487076 | F17: =Model!I23 -> 232.63657 | G17: =F17/$F$18 -> 0.014596957 | I17: 10-Year IRR | K17: =Model!R140 -> 0.16320892 | L17: ='Driver Assumptions'!E59 -> 0.022288864 | M17: ='Driver Assumptions'!F59 -> 0.16320892 | N17: ='Driver Assumptions'!G59 -> 0.20222989
C18: Total Uses | E18: =F18/Model!$Y$4 -> 5.9250073 | F18: =SUM(F13:F17) -> 15937.334 | G18: =SUM(G13:G17) -> 1 | I18: 10-Year MOIC | K18: =Model!R141 -> 4.5349993 | L18: ='Driver Assumptions'!E60 -> 1.2466263 | M18: ='Driver Assumptions'!F60 -> 4.5349993 | N18: ='Driver Assumptions'!G60 -> 6.3077605
C19: Sources less Uses | F19: =F10-F18 -> 0
I21: P&L Output | V21: Sensitivity Tables (FY31 Exit)
J22: Historicals | M22: Projections | S22: CAGRs
I23: ($ in millions) | J23: =Model!E28 -> 45291 | K23: =Model!F28 -> 45657 | L23: =Model!G28 -> 46022 | M23: =Model!H28 -> 46387 | N23: =Model!I28 -> 46752 | O23: =Model!J28 -> 47118 | P23: =Model!K28 -> 47483 | Q23: =Model!L28 -> 47848 | R23: =Model!M28 -> 48213 | S23: =Model!S28 -> FY23–25 | T23: =Model!T28 -> FY26–31 | V23: =Model!D146 -> 5-Year IRR: Exit Multiple vs. Offer Price | AD23: =Model!L146 -> 5-Year MOIC: Exit Multiple vs. Offer Price
I24: Revenue | J24: =Model!E42 -> 4653 | K24: =Model!F42 -> 4898 | L24: =Model!G42 -> 5129 | M24: =Model!H42 -> 5209.161 | N24: =Model!I42 -> 5262.28 | O24: =Model!J42 -> 5344.9663 | P24: =Model!K42 -> 5461.5636 | Q24: =Model!L42 -> 5602.0527 | R24: =Model!M42 -> 5766.4793 | S24: =Model!S42 -> 0.049904563 | T24: =Model!T42 -> 0.020536617 | X24: =Model!F147 -> Offer Price / Share | AF24: =Model!N147 -> Offer Price / Share
I25: % Growth | J25: =Model!E43 -> n.a. | K25: =Model!F43 -> 0.052654202 | L25: =Model!G43 -> 0.047162107 | M25: =Model!H43 -> 0.015628973 | N25: =Model!I43 -> 0.010197232 | O25: =Model!J43 -> 0.015713015 | P25: =Model!K43 -> 0.021814405 | Q25: =Model!L43 -> 0.025723249 | R25: =Model!M43 -> 0.029351136 | W25: =Model!E148 -> 0.21173549 | X25: =Model!F148 -> 9 | Y25: =Model!G148 -> 9.5 | Z25: =Model!H148 -> 10 | AA25: =Model!I148 -> 10.5 | AB25: =Model!J148 -> 11 | AE25: =Model!M148 -> 2.6123968 | AF25: =Model!N148 -> 9 | AG25: =Model!O148 -> 9.5 | AH25: =Model!P148 -> 10 | AI25: =Model!Q148 -> 10.5 | AJ25: =Model!R148 -> 11
I26: Gross Profit | J26: =Model!E48 -> 3902 | K26: =Model!F48 -> 4051 | L26: =Model!G48 -> 4146 | M26: =Model!H48 -> 4193.6725 | N26: =Model!I48 -> 4249.397 | O26: =Model!J48 -> 4329.137 | P26: =Model!K48 -> 4436.5167 | Q26: =Model!L48 -> 4565.2978 | R26: =Model!M48 -> 4714.0049 | V26: Exit x | W26: =Model!E149 -> 5 | X26: =Model!F149 -> 0.18029641 | Y26: =Model!G149 -> 0.15821686 | Z26: =Model!H149 -> 0.13848766 | AA26: =Model!I149 -> 0.1206924 | AB26: =Model!J149 -> 0.1045139 | AD26: Exit x | AE26: =Model!M149 -> 5 | AF26: =Model!N149 -> 2.2906326 | AG26: =Model!O149 -> 2.0842481 | AH26: =Model!P149 -> 1.912677 | AI26: =Model!Q149 -> 1.7677959 | AJ26: =Model!R149 -> 1.6438263
I27: % Margin | J27: =Model!E49 -> 0.83859875 | K27: =Model!F49 -> 0.82707227 | L27: =Model!G49 -> 0.80834471 | M27: =Model!H49 -> 0.80505719 | N27: =Model!I49 -> 0.80752012 | O27: =Model!J49 -> 0.80994654 | P27: =Model!K49 -> 0.81231622 | Q27: =Model!L49 -> 0.81493302 | R27: =Model!M49 -> 0.81748406 | W27: =Model!E150 -> 5.5 | X27: =Model!F150 -> 0.22079112 | Y27: =Model!G150 -> 0.19787186 | Z27: =Model!H150 -> 0.17738672 | AA27: =Model!I150 -> 0.15890458 | AB27: =Model!J150 -> 0.14209705 | AE27: =Model!M150 -> 5.5 | AF27: =Model!N150 -> 2.7114825 | AG27: =Model!O150 -> 2.4663335 | AH27: =Model!P150 -> 2.2625369 | AI27: =Model!Q150 -> 2.0904433 | AJ27: =Model!R150 -> 1.943189
I28: (-) Adj. SG&A, net | J28: =Model!E51 -> -1421 | K28: =Model!F51 -> -1473 | L28: =Model!G51 -> -1466 | M28: =Model!H51 -> -1484.6109 | N28: =Model!I51 -> -1447.127 | O28: =Model!J51 -> -1416.4161 | P28: =Model!K51 -> -1392.6987 | Q28: =Model!L51 -> -1389.3091 | R28: =Model!M51 -> -1395.488 | W28: =Model!E151 -> 6 | X28: =Model!F151 -> 0.25653205 | Y28: =Model!G151 -> 0.23287991 | Z28: =Model!H151 -> 0.21173549 | AA28: =Model!I151 -> 0.19265472 | AB28: =Model!J151 -> 0.17529933 | AE28: =Model!M151 -> 6 | AF28: =Model!N151 -> 3.1323324 | AG28: =Model!O151 -> 2.848419 | AH28: =Model!P151 -> 2.6123968 | AI28: =Model!Q151 -> 2.4130907 | AJ28: =Model!R151 -> 2.2425516
I29: Adj. EBITDA | J29: =Model!E53 -> 2481 | K29: =Model!F53 -> 2578 | L29: =Model!G53 -> 2680 | M29: =Model!H53 -> 2709.0617 | N29: =Model!I53 -> 2802.27 | O29: =Model!J53 -> 2912.7209 | P29: =Model!K53 -> 3043.818 | Q29: =Model!L53 -> 3175.9887 | R29: =Model!M53 -> 3318.5169 | S29: =Model!S53 -> 0.03933132 | T29: =Model!T53 -> 0.04141788 | W29: =Model!E152 -> 6.5 | X29: =Model!F152 -> 0.28861594 | Y29: =Model!G152 -> 0.26431144 | Z29: =Model!H152 -> 0.24258051 | AA29: =Model!I152 -> 0.22296747 | AB29: =Model!J152 -> 0.20512523 | AE29: =Model!M152 -> 6.5 | AF29: =Model!N152 -> 3.5531824 | AG29: =Model!O152 -> 3.2305045 | AH29: =Model!P152 -> 2.9622567 | AI29: =Model!Q152 -> 2.7357381 | AJ29: =Model!R152 -> 2.5419143
I30: % Margin | J30: =Model!E54 -> 0.53320438 | K30: =Model!F54 -> 0.52633728 | L30: =Model!G54 -> 0.52251901 | M30: =Model!H54 -> 0.52005719 | N30: =Model!I54 -> 0.53252012 | O30: =Model!J54 -> 0.54494654 | P30: =Model!K54 -> 0.55731622 | Q30: =Model!L54 -> 0.56693302 | R30: =Model!M54 -> 0.57548406 | W30: =Model!E153 -> 7 | X30: =Model!F153 -> 0.31779021 | Y30: =Model!G153 -> 0.29289642 | Z30: =Model!H153 -> 0.2706359 | AA30: =Model!I153 -> 0.25054247 | AB30: =Model!J153 -> 0.23226103 | AE30: =Model!M153 -> 7 | AF30: =Model!N153 -> 3.9740323 | AG30: =Model!O153 -> 3.6125899 | AH30: =Model!P153 -> 3.3121166 | AI30: =Model!Q153 -> 3.0583855 | AJ30: =Model!R153 -> 2.8412769
I31: (-) D&A | J31: =Model!E55 -> -1335 | K31: =Model!F55 -> -1343 | L31: =Model!G55 -> -1367 | M31: =Model!H55 -> -1380.4277 | N31: =Model!I55 -> -1394.5042 | O31: =Model!J55 -> -1416.4161 | P31: =Model!K55 -> -1447.3143 | Q31: =Model!L55 -> -1484.544 | R31: =Model!M55 -> -1528.117
I32: EBIT | J32: =Model!E57 -> 1146 | K32: =Model!F57 -> 1235 | L32: =Model!G57 -> 1313 | M32: =Model!H57 -> 1328.634 | N32: =Model!I57 -> 1407.7658 | O32: =Model!J57 -> 1496.3048 | P32: =Model!K57 -> 1596.5036 | Q32: =Model!L57 -> 1691.4447 | R32: =Model!M57 -> 1790.3999 | V32: =Model!D155 -> 5-Year IRR: Total Leverage vs. Offer Price | AD32: =Model!L155 -> 5-Year MOIC: Total Leverage vs. Offer Price
I33: (-) Interest Expense, Net | J33: =Model!E59 -> -570 | K33: =Model!F59 -> -441 | L33: =Model!G59 -> -459 | M33: =Model!H59 -> -459 | N33: =Model!I59 -> -917.73871 | O33: =Model!J59 -> -868.16706 | P33: =Model!K59 -> -815.13519 | Q33: =Model!L59 -> -751.10644 | R33: =Model!M59 -> -682.77986 | X33: =Model!F156 -> Offer Price / Share | AF33: =Model!N156 -> Offer Price / Share
I34: (-) Amort. of Financing Fees | J34: =Model!E60 -> 0 | K34: =Model!F60 -> 0 | L34: =Model!G60 -> 0 | M34: =Model!H60 -> 0 | N34: =Model!I60 -> -33.233796 | O34: =Model!J60 -> -33.233796 | P34: =Model!K60 -> -33.233796 | Q34: =Model!L60 -> -33.233796 | R34: =Model!M60 -> -33.233796 | W34: =Model!E157 -> 0.21173549 | X34: =Model!F157 -> 9 | Y34: =Model!G157 -> 9.5 | Z34: =Model!H157 -> 10 | AA34: =Model!I157 -> 10.5 | AB34: =Model!J157 -> 11 | AE34: =Model!M157 -> 2.6123968 | AF34: =Model!N157 -> 9 | AG34: =Model!O157 -> 9.5 | AH34: =Model!P157 -> 10 | AI34: =Model!Q157 -> 10.5 | AJ34: =Model!R157 -> 11
I35: (-) Taxes | J35: =Model!E62 -> -161 | K35: =Model!F62 -> -196 | L35: =Model!G62 -> -233 | M35: =Model!H62 -> -217.4085 | N35: =Model!I62 -> -114.19833 | O35: =Model!J62 -> -148.726 | P35: =Model!K62 -> -187.03366 | Q35: =Model!L62 -> -226.77612 | R35: =Model!M62 -> -268.59656 | V35: Lev. x | W35: =Model!E158 -> 3.25 | X35: =Model!F158 -> 0.19281675 | Y35: =Model!G158 -> 0.1793881 | Z35: =Model!H158 -> 0.1668483 | AA35: =Model!I158 -> 0.15509629 | AB35: =Model!J158 -> 0.14404692 | AD35: Lev. x | AE35: =Model!M158 -> 3.25 | AF35: =Model!N158 -> 2.4147304 | AG35: =Model!O158 -> 2.2818322 | AH35: =Model!P158 -> 2.163077 | AI35: =Model!Q158 -> 2.0563212 | AJ35: =Model!R158 -> 1.9598335
I36: Net Income | J36: =Model!E63 -> 415 | K36: =Model!F63 -> 598 | L36: =Model!G63 -> 621 | M36: =Model!H63 -> 652.22549 | N36: =Model!I63 -> 342.59498 | O36: =Model!J63 -> 446.17799 | P36: =Model!K63 -> 561.10098 | Q36: =Model!L63 -> 680.32836 | R36: =Model!M63 -> 805.78968 | W36: =Model!E159 -> 3.75 | X36: =Model!F159 -> 0.21795539 | Y36: =Model!G159 -> 0.20079108 | Z36: =Model!H159 -> 0.18502541 | AA36: =Model!I159 -> 0.17046473 | AB36: =Model!J159 -> 0.15695204 | AE36: =Model!M159 -> 3.75 | AF36: =Model!N159 -> 2.6801365 | AG36: =Model!O159 -> 2.4965328 | AH36: =Model!P159 -> 2.3368903 | AI36: =Model!Q159 -> 2.1968057 | AJ36: =Model!R159 -> 2.0728925
I37: Closing RMR | J37: =Model!E34 -> 353 | K37: =Model!F34 -> 359 | L37: =Model!G34 -> 359 | M37: =Model!H34 -> 359.359 | N37: =Model!I34 -> 361.51515 | O37: =Model!J34 -> 365.85334 | P37: =Model!K34 -> 372.4387 | Q37: =Model!L34 -> 380.63235 | R37: =Model!M34 -> 390.14816 | S37: =Model!S34 -> 0.0084627743 | T37: =Model!T34 -> 0.016576829 | W37: =Model!E160 -> 4.25 | X37: =Model!F160 -> 0.25653205 | Y37: =Model!G160 -> 0.23287991 | Z37: =Model!H160 -> 0.21173549 | AA37: =Model!I160 -> 0.19265472 | AB37: =Model!J160 -> 0.17529933 | AE37: =Model!M160 -> 4.25 | AF37: =Model!N160 -> 3.1323324 | AG37: =Model!O160 -> 2.848419 | AH37: =Model!P160 -> 2.6123968 | AI37: =Model!Q160 -> 2.4130907 | AJ37: =Model!R160 -> 2.2425516
I38: Attrition Rate | J38: =Model!E33 -> 0.129 | K38: =Model!F33 -> 0.127 | L38: =Model!G33 -> 0.131 | M38: =Model!H33 -> 0.131 | N38: =Model!I33 -> 0.128 | O38: =Model!J33 -> 0.124 | P38: =Model!K33 -> 0.12 | Q38: =Model!L33 -> 0.117 | R38: =Model!M33 -> 0.115 | W38: =Model!E161 -> 4.75 | X38: =Model!F161 -> 0.32445679 | Y38: =Model!G161 -> 0.28698135 | Z38: =Model!H161 -> 0.25519857 | AA38: =Model!I161 -> 0.22770957 | AB38: =Model!J161 -> 0.20356532 | AE38: =Model!M161 -> 4.75 | AF38: =Model!N161 -> 4.0755758 | AG38: =Model!O161 -> 3.5307037 | AH38: =Model!P161 -> 3.115747 | AI38: =Model!Q161 -> 2.7891907 | AJ38: =Model!R161 -> 2.5255055
I39: (-) Net SAC Investment | J39: =Model!E65 -> -1317 | K39: =Model!F65 -> -1223 | L39: =Model!G65 -> -1148 | M39: =Model!H65 -> -1137.312 | N39: =Model!I65 -> -1131.6215 | O39: =Model!J65 -> -1130.8194 | P39: =Model!K65 -> -1151.1209 | Q39: =Model!L65 -> -1164.802 | R39: =Model!M65 -> -1183.0053 | W39: =Model!E162 -> 5.25 | X39: =Model!F162 -> 0.48657419 | Y39: =Model!G162 -> 0.40219301 | Z39: =Model!H162 -> 0.34052371 | AA39: =Model!I162 -> 0.29242625 | AB39: =Model!J162 -> 0.25328928 | AE39: =Model!M162 -> 5.25 | AF39: =Model!N162 -> 7.2599385 | AG39: =Model!O162 -> 5.4204955 | AH39: =Model!P162 -> 4.3288496 | AI39: =Model!Q162 -> 3.6060259 | AJ39: =Model!R162 -> 3.092122
I40: Adj. EBITDA less SAC & CapEx | J40: =Model!E69 -> 988 | K40: =Model!F69 -> 1191 | L40: =Model!G69 -> 1356 | M40: =Model!H69 -> 1394.6382 | N40: =Model!I69 -> 1491.731 | O40: =Model!J69 -> 1600.1727 | P40: =Model!K69 -> 1707.0039 | Q40: =Model!L69 -> 1820.7169 | R40: =Model!M69 -> 1939.4513 | S40: =Model!S69 -> 0.17152449 | T40: =Model!T69 -> 0.068177597
I41: % Conversion | J41: =Model!E70 -> 0.39822652 | K41: =Model!F70 -> 0.46198604 | L41: =Model!G70 -> 0.50597015 | M41: =Model!H70 -> 0.51480489 | N41: =Model!I70 -> 0.5323295 | O41: =Model!J70 -> 0.54937383 | P41: =Model!K70 -> 0.5608101 | Q41: =Model!L70 -> 0.57327562 | R41: =Model!M70 -> 0.58443315 | V41: =Model!D164 -> 5-Year IRR: Attrition Change vs. Exit Multiple | AD41: =Model!L164 -> 5-Year MOIC: Attrition Change vs. Exit Multiple
X42: =Model!F165 -> Exit EV / EBITDA | AF42: =Model!N165 -> Exit EV / EBITDA
I43: Cash Flow | W43: =Model!E166 -> 0.21173549 | X43: =Model!F166 -> 5 | Y43: =Model!G166 -> 5.5 | Z43: =Model!H166 -> 6 | AA43: =Model!I166 -> 6.5 | AB43: =Model!J166 -> 7 | AE43: =Model!M166 -> 2.6123968 | AF43: =Model!N166 -> 5 | AG43: =Model!O166 -> 5.5 | AH43: =Model!P166 -> 6 | AI43: =Model!Q166 -> 6.5 | AJ43: =Model!R166 -> 7
I44: Net Income | N44: =Model!I73 -> 342.59498 | O44: =Model!J73 -> 446.17799 | P44: =Model!K73 -> 561.10098 | Q44: =Model!L73 -> 680.32836 | R44: =Model!M73 -> 805.78968 | V44: Attr. Δ | W44: =Model!E167 -> -0.02 | X44: =Model!F167 -> 0.19447455 | Y44: =Model!G167 -> 0.23048111 | Z44: =Model!H167 -> 0.26270827 | AA44: =Model!I167 -> 0.29194614 | AB44: =Model!J167 -> 0.31875439 | AD44: Attr. Δ | AE44: =Model!M167 -> -0.02 | AF44: =Model!N167 -> 2.4315573 | AG44: =Model!O167 -> 2.8208159 | AH44: =Model!P167 -> 3.2100745 | AI44: =Model!Q167 -> 3.5993331 | AJ44: =Model!R167 -> 3.9885917
I45: (+) D&A | N45: =Model!I74 -> 1394.5042 | O45: =Model!J74 -> 1416.4161 | P45: =Model!K74 -> 1447.3143 | Q45: =Model!L74 -> 1484.544 | R45: =Model!M74 -> 1528.117 | W45: =Model!E168 -> -0.01 | X45: =Model!F168 -> 0.16724381 | Y45: =Model!G168 -> 0.20455169 | Z45: =Model!H168 -> 0.23773919 | AA45: =Model!I168 -> 0.26770732 | AB45: =Model!J168 -> 0.29508349 | AE45: =Model!M168 -> -0.01 | AF45: =Model!N168 -> 2.1667455 | AG45: =Model!O168 -> 2.5358713 | AH45: =Model!P168 -> 2.9049972 | AI45: =Model!Q168 -> 3.274123 | AJ45: =Model!R168 -> 3.6432488
I46: (-) Net SAC Investment | N46: =Model!I75 -> -1131.6215 | O46: =Model!J75 -> -1130.8194 | P46: =Model!K75 -> -1151.1209 | Q46: =Model!L75 -> -1164.802 | R46: =Model!M75 -> -1183.0053 | W46: =Model!E169 -> 0 | X46: =Model!F169 -> 0.13848766 | Y46: =Model!G169 -> 0.17738672 | Z46: =Model!H169 -> 0.21173549 | AA46: =Model!I169 -> 0.24258051 | AB46: =Model!J169 -> 0.2706359 | AE46: =Model!M169 -> 0 | AF46: =Model!N169 -> 1.912677 | AG46: =Model!O169 -> 2.2625369 | AH46: =Model!P169 -> 2.6123968 | AI46: =Model!Q169 -> 2.9622567 | AJ46: =Model!R169 -> 3.3121166
I47: (+) Amort. of Financing Fees | N47: =Model!I76 -> 33.233796 | O47: =Model!J76 -> 33.233796 | P47: =Model!K76 -> 33.233796 | Q47: =Model!L76 -> 33.233796 | R47: =Model!M76 -> 33.233796 | W47: =Model!E170 -> 0.01 | X47: =Model!F170 -> 0.10787575 | Y47: =Model!G170 -> 0.1487474 | Z47: =Model!H170 -> 0.18451461 | AA47: =Model!I170 -> 0.21642031 | AB47: =Model!J170 -> 0.24529214 | AE47: =Model!M170 -> 0.01 | AF47: =Model!N170 -> 1.668996 | AG47: =Model!O170 -> 2.000427 | AH47: =Model!P170 -> 2.331858 | AI47: =Model!Q170 -> 2.6632891 | AJ47: =Model!R170 -> 2.9947201
I48: (-) Change in NWC | N48: =Model!I77 -> -0.53119023 | O48: =Model!J77 -> -0.82686284 | P48: =Model!K77 -> -1.1659726 | Q48: =Model!L77 -> -1.4048916 | R48: =Model!M77 -> -1.6442661 | W48: =Model!E171 -> 0.02 | X48: =Model!F171 -> 0.074958979 | Y48: =Model!G171 -> 0.11832025 | Z48: =Model!H171 -> 0.15584296 | AA48: =Model!I171 -> 0.18904427 | AB48: =Model!J171 -> 0.21890459 | AE48: =Model!M171 -> 0.02 | AF48: =Model!N171 -> 1.4353554 | AG48: =Model!O171 -> 1.7491657 | AH48: =Model!P171 -> 2.062976 | AI48: =Model!Q171 -> 2.3767862 | AJ48: =Model!R171 -> 2.6905965
I49: (-) PP&E CapEx | N49: =Model!I78 -> -178.91752 | O49: =Model!J78 -> -181.72885 | P49: =Model!K78 -> -185.69316 | Q49: =Model!L78 -> -190.46979 | R49: =Model!M78 -> -196.0603
I50: (-) Mandatory Amortization | N50: =Model!I79 -> -87.419865 | O50: =Model!J79 -> -87.419865 | P50: =Model!K79 -> -87.419865 | Q50: =Model!L79 -> -87.419865 | R50: =Model!M79 -> -87.419865
I51: CF Available for Sweep | N51: =Model!I80 -> 371.84291 | O51: =Model!J80 -> 495.03287 | P51: =Model!K80 -> 616.24918 | Q51: =Model!L80 -> 754.00956 | R51: =Model!M80 -> 899.01073
I52: Debt (Paydown) / Drawdown | N52: =Model!I81+Model!I83+Model!I85 -> -371.84291 | O52: =Model!J81+Model!J83+Model!J85 -> -495.03287 | P52: =Model!K81+Model!K83+Model!K85 -> -616.24918 | Q52: =Model!L81+Model!L83+Model!L85 -> -754.00956 | R52: =Model!M81+Model!M83+Model!M85 -> -899.01073
I54: Credit Metrics
I55: Total Debt | M55: =Model!H120 -> 11431.828 | N55: =Model!I120 -> 10972.566 | O55: =Model!J120 -> 10390.113 | P55: =Model!K120 -> 9686.4439 | Q55: =Model!L120 -> 8845.0145 | R55: =Model!M120 -> 7858.5839
I56: Total Debt / Adj. EBITDA | M56: =Model!H122 -> 4.219848 | N56: =Model!I122 -> 3.915599 | O56: =Model!J122 -> 3.5671502 | P56: =Model!K122 -> 3.1823335 | Q56: =Model!L122 -> 2.7849641 | R56: =Model!M122 -> 2.3681012
I57: Net Debt / Adj. EBITDA | M57: =Model!H123 -> 4.1829349 | N57: =Model!I123 -> 3.8799137 | O57: =Model!J123 -> 3.532818 | P57: =Model!K123 -> 3.14948 | Q57: =Model!L123 -> 2.7534778 | R57: =Model!M123 -> 2.3379673
I58: Adj. EBITDA / Interest | N58: =Model!I125 -> 3.0534508 | O58: =Model!J125 -> 3.3550235 | P58: =Model!K125 -> 3.7341266 | Q58: =Model!L125 -> 4.2284136 | R58: =Model!M125 -> 4.8603029
C61: Adj. EBITDA Bridge (LTM Q2'26 to FY31E) | I61: Value Creation Bridge (FY31E Exit)
C62: LTM Q2'26 Adj. EBITDA | F62: ='Income Statement'!G21 -> 2689.842 | I62: Equity Invested | L62: =Model!I139 -> 4505.5051
C63: M&S Revenue Growth | F63: =(Model!M38-'Income Statement'!G5)*(1+'Income Statement'!G8/'Income Statement'!G5) -> 281.8921 | I63: (-) Transaction & Financing Fees | L63: =-F87 -> -407.63657
C64: M&S Cost Efficiency | F64: =-Model!M38*(Model!M45+'Income Statement'!G8/'Income Statement'!G5) -> 121.28466 | I64: EBITDA Growth at Entry Multiple | L64: =(Model!M53-Model!Y4)*Model!Y15 -> 3606.2577
C65: Installation Contribution | F65: =(Model!M40+Model!M46)-('Income Statement'!G6+'Income Statement'!G9) -> 142.82816 | I65: Multiple Change | L65: =(Model!E6-Model!Y15)*Model!M53 -> 875.14678
C66: Adj. SG&A on Growth | F66: =(Model!M42-'Income Statement'!G7)*'Income Statement'!G23/'Income Statement'!G7 -> -171.81636 | I66: Net Debt Paydown | L66: =Model!H121-Model!M121 -> 3573.2446
C67: Adj. SG&A Leverage | F67: =-Model!M42*(Model!M52+'Income Statement'!G23/'Income Statement'!G7) -> 254.48636 | I67: (-) MIP | L67: =Model!M137 -> -382.35063
C68: FY31E Adj. EBITDA | F68: =SUM(F62:F67) -> 3318.5169 | I68: Equity to Investors (FY31E) | L68: =SUM(L62:L67) -> 11770.167
C69: Model FY31E Adj. EBITDA | F69: =Model!M53 -> 3318.5169 | I69: Model Equity to Investors | L69: =Model!M138 -> 11770.167
C70: Difference | F70: =F68-F69 -> 0 | I70: Difference | L70: =L68-L69 -> 0
C71: Operating Summary (Live Case)
F72: =Model!H28 -> 46387 | G72: =Model!I28 -> 46752 | H72: =Model!J28 -> 47118 | I72: =Model!K28 -> 47483 | J72: =Model!L28 -> 47848 | K72: =Model!M28 -> 48213
C73: Revenue | F73: =Model!H42 -> 5209.161 | G73: =Model!I42 -> 5262.28 | H73: =Model!J42 -> 5344.9663 | I73: =Model!K42 -> 5461.5636 | J73: =Model!L42 -> 5602.0527 | K73: =Model!M42 -> 5766.4793
C74: % Growth | F74: =Model!H43 -> 0.015628973 | G74: =Model!I43 -> 0.010197232 | H74: =Model!J43 -> 0.015713015 | I74: =Model!K43 -> 0.021814405 | J74: =Model!L43 -> 0.025723249 | K74: =Model!M43 -> 0.029351136
C75: Gross Profit | F75: =Model!H48 -> 4193.6725 | G75: =Model!I48 -> 4249.397 | H75: =Model!J48 -> 4329.137 | I75: =Model!K48 -> 4436.5167 | J75: =Model!L48 -> 4565.2978 | K75: =Model!M48 -> 4714.0049
C76: (-) Adj. SG&A, net | F76: =Model!H51 -> -1484.6109 | G76: =Model!I51 -> -1447.127 | H76: =Model!J51 -> -1416.4161 | I76: =Model!K51 -> -1392.6987 | J76: =Model!L51 -> -1389.3091 | K76: =Model!M51 -> -1395.488
C77: Adj. EBITDA | F77: =F75+F76 -> 2709.0617 | G77: =G75+G76 -> 2802.27 | H77: =H75+H76 -> 2912.7209 | I77: =I75+I76 -> 3043.818 | J77: =J75+J76 -> 3175.9887 | K77: =K75+K76 -> 3318.5169
C78: % Margin | F78: =F77/F73 -> 0.52005719 | G78: =G77/G73 -> 0.53252012 | H78: =H77/H73 -> 0.54494654 | I78: =I77/I73 -> 0.55731622 | J78: =J77/J73 -> 0.56693302 | K78: =K77/K73 -> 0.57548406
C79: (-) Net SAC Investment | F79: =Model!H65 -> -1137.312 | G79: =Model!I65 -> -1131.6215 | H79: =Model!J65 -> -1130.8194 | I79: =Model!K65 -> -1151.1209 | J79: =Model!L65 -> -1164.802 | K79: =Model!M65 -> -1183.0053
C80: (-) PP&E CapEx | F80: =Model!H67 -> -177.11147 | G80: =Model!I67 -> -178.91752 | H80: =Model!J67 -> -181.72885 | I80: =Model!K67 -> -185.69316 | J80: =Model!L67 -> -190.46979 | K80: =Model!M67 -> -196.0603
C81: (-) Change in NWC | F81: =-Model!$M$6*(Model!H42-Model!G42) -> -0.80161 | G81: =-Model!$M$6*(Model!I42-Model!H42) -> -0.53119023 | H81: =-Model!$M$6*(Model!J42-Model!I42) -> -0.82686284 | I81: =-Model!$M$6*(Model!K42-Model!J42) -> -1.1659726 | J81: =-Model!$M$6*(Model!L42-Model!K42) -> -1.4048916 | K81: =-Model!$M$6*(Model!M42-Model!L42) -> -1.6442661
C82: Pre-Interest FCF | F82: =F77+F79+F80+F81 -> 1393.8366 | G82: =G77+G79+G80+G81 -> 1491.1998 | H82: =H77+H79+H80+H81 -> 1599.3458 | I82: =I77+I79+I80+I81 -> 1705.8379 | J82: =J77+J79+J80+J81 -> 1819.312 | K82: =K77+K79+K80+K81 -> 1937.807
C83: % Conversion | F83: =F82/F77 -> 0.51450899 | G83: =G82/G77 -> 0.53213995 | H83: =H82/H77 -> 0.54908995 | I83: =I82/I77 -> 0.56042704 | J83: =J82/J77 -> 0.57283327 | K83: =K82/K77 -> 0.58393766
C84: Adj. EBITDA Check | F84: =F77-Model!H53 -> 0 | G84: =G77-Model!I53 -> 0 | H84: =H77-Model!J53 -> 0 | I84: =I77-Model!K53 -> 0 | J84: =J77-Model!L53 -> 0 | K84: =K77-Model!M53 -> 0
C86: Bid Authority
C87: Transaction & Financing Fees | F87: =F16+F17 -> 407.63657 | G87: =F87/F18 -> 0.025577464
C88: Walk-away Offer / Share | F88: =_xlfn.FORECAST.LINEAR(Model!M5,Model!F148:J148,Model!F151:J151) -> 10.339647 | G88: =F88/Model!E5-1 -> 0.033964735
C89: Walk-away Equity Value | F89: =F88*Model!Y9 -> 7858.132
C90: Walk-away TEV / LTM EBITDA | F90: =(F89+Model!Y11+Model!Y12)/Model!Y4 -> 5.8322492
C92: Charts

Sheet From Company>>>

Sheet Income Statement
A2: Income Statement
A3: ($ in millions; FYE Dec-31)
B4: FY23A | C4: FY24A | D4: FY25A | E4: H1'25A | F4: H1'26A | G4: LTM Q2'26 | H4: Source
A5: Monitoring & related services | B5: 4179 | C5: 4293 | D5: 4354 | E5: 2173 | F5: 2163 | G5: =D5+F5-E5 -> 4344 | H5: ER-25Q4 (FY24-25), ER-24Q4 (FY23), ER-26Q2 (H1)
A6: Installation, product & other | B6: 474 | C6: 605 | D6: 775 | E6: 381 | F6: 428 | G6: =D6+F6-E6 -> 822
A7: Total revenue | B7: =B5+B6 -> 4653 | C7: =C5+C6 -> 4898 | D7: =D5+D6 -> 5129 | E7: =E5+E6 -> 2554 | F7: =F5+F6 -> 2591 | G7: =G5+G6 -> 5166
A8: M&S cost of revenue | B8: -604 | C8: -617 | D8: -642 | E8: -320 | F8: -312 | G8: =D8+F8-E8 -> -634 | H8: Same releases, cost of revenue
A9: Installation cost of revenue | B9: -147 | C9: -230 | D9: -341 | E9: -171 | F9: -194 | G9: =D9+F9-E9 -> -364
A10: Gross profit | B10: =SUM(B7:B9) -> 3902 | C10: =SUM(C7:C9) -> 4051 | D10: =SUM(D7:D9) -> 4146 | E10: =SUM(E7:E9) -> 2063 | F10: =SUM(F7:F9) -> 2085 | G10: =SUM(G7:G9) -> 4168
A11: Gross margin % | B11: =B10/B7 -> 0.83859875 | C11: =C10/C7 -> 0.82707227 | D11: =D10/D7 -> 0.80834471 | E11: =E10/E7 -> 0.80775255 | F11: =F10/F7 -> 0.80470861 | G11: =G10/G7 -> 0.80681378
A12: SG&A | B12: -1348 | C12: -1476 | D12: -1470 | E12: -725 | F12: -751 | G12: =D12+F12-E12 -> -1496 | H12: FY23-24 per ER-24Q4 basis; FY25+ incl. restructuring
A13: D&A | B13: -1335 | C13: -1343 | D13: -1367 | E13: -678 | F13: -692 | G13: =D13+F13-E13 -> -1381
A14: Merger, restructuring & other | B14: -39 | C14: -24 | D14: 0 | E14: 0 | F14: 0 | G14: =D14+F14-E14 -> 0 | H14: FY25+ in SG&A
A15: Operating income | B15: =B10+B12+B13+B14 -> 1180 | C15: =C10+C12+C13+C14 -> 1208 | D15: =D10+D12+D13+D14 -> 1309 | E15: =E10+E12+E13+E14 -> 660 | F15: =F10+F12+F13+F14 -> 642 | G15: =G10+G12+G13+G14 -> 1291
A16: Interest expense, net | B16: -570 | C16: -441 | D16: -459 | E16: -237 | F16: -201 | G16: =D16+F16-E16 -> -423
A17: Other items, net | B17: =B19-B15-B16-B18 -> 1 | C17: =C19-C15-C16-C18 -> 48 | D17: =D19-D15-D16-D18 -> -16 | E17: =E19-E15-E16-E18 -> -2 | F17: =F19-F15-F16-F18 -> 2 | G17: =D17+F17-E17 -> -12 | H17: Plug to reported; swaps, debt extinguishment, other
A18: Income tax | B18: -161 | C18: -196 | D18: -233 | E18: -110 | F18: -119 | G18: =D18+F18-E18 -> -242
A19: Income from cont. ops | B19: 450 | C19: 619 | D19: 601 | E19: 311 | F19: 324 | G19: =D19+F19-E19 -> 614 | H19: Same releases
A21: Adj. EBITDA (reported) | B21: 2481 | C21: 2578 | D21: 2680 | E21: 1334.425 | F21: 1344.267 | G21: =D21+F21-E21 -> 2689.842 | H21: ER Adj. EBITDA recon; H1 per 10-Q Q2'26 KPI table
A22: Adj. EBITDA margin % | B22: =B21/B7 -> 0.53320438 | C22: =C21/C7 -> 0.52633728 | D22: =D21/D7 -> 0.52251901 | E22: =E21/E7 -> 0.52248434 | F22: =F21/F7 -> 0.51882169 | G22: =G21/G7 -> 0.52068177
A23: Adj. SG&A, net | B23: =B21-B10 -> -1421 | C23: =C21-C10 -> -1473 | D23: =D21-D10 -> -1466 | E23: =E21-E10 -> -728.575 | F23: =F21-F10 -> -740.733 | G23: =G21-G10 -> -1478.158 | H23: Plug: Adj. EBITDA less gross profit
A25: RMR, end of period | B25: 353 | C25: 359 | D25: 359 | E25: 363 | F25: 360 | G25: =F25 -> 360 | H25: ER other measures; H1 col = Q2 quarter-end
A26: Gross revenue attrition (TTM) | B26: 0.129 | C26: 0.127 | D26: 0.131 | E26: 0.128 | F26: 0.131 | G26: =F26 -> 0.131 | H26: TTM; H1 col = TTM at Q2
A27: Revenue payback (yrs) | B27: 2.1 | C27: 2.2 | D27: 2.3 | E27: 2.3 | F27: 2.3 | G27: =F27 -> 2.3 | H27: TTM; H1 col = TTM at Q2

Sheet Balance Sheet
A2: Balance Sheet
A3: ($ in millions)
B4: FY24A | C4: FY25A | D4: Q2'26A | E4: Source
A5: Cash & equivalents | B5: 96 | C5: 81 | D5: 4 | E5: ER-25Q4 (FY24-25); ER-26Q2 (Q2'26) balance sheet
A6: Accounts receivable, net | B6: 394 | C6: 385 | D6: 373
A7: Inventories, net | B7: 197 | C7: 202 | D7: 184
A8: Subscriber system assets, net | B8: 2981 | C8: 2791 | D8: 2696
A9: Deferred SAC costs, net | B9: 1324 | C9: 1452 | D9: 1509
A10: Intangible assets, net | B10: 4854 | C10: 4818 | D10: 4807
A11: Goodwill | B11: 4904 | C11: 4886 | D11: 4992
A12: Total assets | B12: 16051 | C12: 15819 | D12: 15739
A13: Current maturities of debt | B13: 196 | C13: 310 | D13: 241
A14: Long-term debt | B14: 7511 | C14: 7379 | D14: 7447
A15: Deferred SAC revenue | B15: 2068 | C15: 2084 | D15: 2062
A16: Deferred tax liabilities | B16: 1167 | C16: 1267 | D16: 1298
A17: Total liabilities | B17: 12250 | C17: 12040 | D17: 12262
A18: Stockholders' equity | B18: 3801 | C18: 3779 | D18: 3477
A20: Debt by instrument (30-Jun-26) | B20: Principal | C20: Rate | D20: Maturity | E20: Source
A21: First Lien TLB due 2030 | B21: 1754.328 | C21: SOFR + 2.00% | D21: Oct-30 | E21: 10-Q Q2'26, debt note table
A22: First Lien TLB-2 due 2032 | B22: 1434.725 | C22: SOFR + 1.75% | D22: Mar-32
A23: First Lien TLA due 2030 | B23: 420.313 | C23: SOFR + 1.50% | D23: Oct-30
A24: First Lien Notes due 2027 | B24: 1000 | C24: 3.375% | D24: Aug-27
A25: First Lien Notes due 2029 | B25: 1000 | C25: 4.125% | D25: Aug-29
A26: First Lien Notes due 2033 | B26: 1000 | C26: 5.875% | D26: Oct-33
A27: ADT Notes due 2032 | B27: 728.016 | C27: 4.875% | D27: Jul-32
A28: ADT Notes due 2042 | B28: 21.896 | C28: 4.875% | D28: Jul-42
A29: 2020 Receivables Facility | B29: 416.008 | C29: Various | D29: Feb-31
A30: Total principal | B30: =SUM(B21:B29) -> 7775.286
A31: Reported principal | B31: 7775.286
A32: Difference | B32: =B30-B31 -> 0
A33: Finance leases | B33: 58.411
A34: Principal incl. leases | B34: =B30+B33 -> 7833.697 | E34: Refinanced at close (assumption)

Sheet Cash Flow
A2: Cash Flow
A3: ($ in millions; FYE Dec-31)
B4: FY23A | C4: FY24A | D4: FY25A | E4: H1'25A | F4: H1'26A | G4: LTM Q2'26 | H4: Source
A5: Net cash from operations | B5: 1658 | C5: 1885 | D5: 1884 | E5: 1031 | F5: 1304 | G5: =D5+F5-E5 -> 2157 | H5: ER-24Q4 (FY23), ER-25Q4 (FY24-25), ER-26Q2 (H1) cash flow
A6: Dealer & bulk account purchases | B6: -589 | C6: -586 | D6: -596 | E6: -331 | F6: -239 | G6: =D6+F6-E6 -> -504
A7: Subscriber system assets | B7: -631 | C7: -523 | D7: -396 | E7: -209 | F7: -170 | G7: =D7+F7-E7 -> -357
A8: Purchases of PP&E | B8: -176 | C8: -164 | D8: -176 | E8: -83 | F8: -95 | G8: =D8+F8-E8 -> -188
A9: Free cash flow | B9: =SUM(B5:B8) -> 262 | C9: =SUM(C5:C8) -> 612 | D9: =SUM(D5:D8) -> 716 | E9: =SUM(E5:E8) -> 408 | F9: =SUM(F5:F8) -> 800 | G9: =SUM(G5:G8) -> 1108 | H9: Company definition: OCF less three capex lines
A10: Deferred SAC costs (in OCF) | B10: -387 | C10: -366 | D10: -381 | E10: -189 | F10: -194 | G10: =D10+F10-E10 -> -386
A11: Deferred SAC revenue (in OCF) | B11: 290 | C11: 252 | D11: 225 | E11: 115 | F11: 98 | G11: =D11+F11-E11 -> 208
A12: Net SAC investment | B12: =B6+B7+B10+B11 -> -1317 | C12: =C6+C7+C10+C11 -> -1223 | D12: =D6+D7+D10+D11 -> -1148 | E12: =E6+E7+E10+E11 -> -614 | F12: =F6+F7+F10+F11 -> -505 | G12: =G6+G7+G10+G11 -> -1039 | H12: Dealer + subscriber assets + deferred SAC, net
A13: Adj. FCF incl. swaps (reported) | B13: 525 | C13: 744 | D13: 863 | E13: 500 | F13: 820 | G13: =D13+F13-E13 -> 1183 | H13: ER non-GAAP recon

Sheet Peer Benchmark
A2: Peer Benchmark
A3: ($ in millions; local currency; prices 28-Oct-26; LTM to latest quarter)
A4: Company | B4: Ticker | C4: Price | D4: Shares (mm) | E4: Mkt Cap | F4: Net Debt | G4: EV | H4: LTM Revenue | I4: Rev. Growth | J4: LTM EBITDA | K4: EBITDA Margin | L4: EV / Revenue | M4: EV / EBITDA | N4: Source | P4: Chart feed | Q4: EV / EBITDA
A5: Monitoring & security services | P5: =A15 -> Johnson Controls | Q5: =M15 -> 27.637519
A6: Verisure | B6: VSURE | C6: 10 | D6: 1031.467 | E6: =C6*D6 -> 10314.67 | F6: =F27 -> 5172 | G6: =E6+F6 -> 15486.67 | H6: 3940.6 | I6: 0.1031 | J6: 1539.8 | K6: =J6/H6 -> 0.39075268 | L6: =G6/H6 -> 3.9300284 | M6: =IF(OR(J6<=0,G6/J6>50),"n.m.",G6/J6) -> 10.057585 | N6: EUR; company metrics LTM Q2'26; BS per statements | P6: =A11 -> Napco Security | Q6: =M11 -> 26.995588
A7: Brink's | B7: BCO | C7: 100.19 | D7: 41.19 | E7: =C7*D7 -> 4126.8261 | F7: =F28 -> 2584.1 | G7: =E7+F7 -> 6710.9261 | H7: 5481.4 | I7: 0.08117 | J7: 895.1 | K7: =J7/H7 -> 0.1632977 | L7: =G7/H7 -> 1.2243088 | M7: =IF(OR(J7<=0,G7/J7>50),"n.m.",G7/J7) -> 7.4974038 | N7: Company metrics LTM; shares and BS per statements | P7: =A18 -> Rollins | Q7: =M18 -> 19.30087
A8: Median | I8: =MEDIAN(I6:I7) -> 0.092135 | K8: =MEDIAN(K6:K7) -> 0.27702519 | L8: =MEDIAN(L6:L7) -> 2.5771686 | M8: =MEDIAN(M6:M7) -> 8.7774946 | P8: =A10 -> Alarm.com | Q8: =M10 -> 18.769688
A9: Security technology & devices | P9: =A14 -> Allegion | Q9: =M14 -> 15.538236
A10: Alarm.com | B10: ALRM | C10: 64.92 | D10: 49.09 | E10: =C10*D10 -> 3186.9228 | F10: =F29 -> 11.676 | G10: =E10+F10 -> 3198.5988 | H10: 1060.984 | I10: 0.08722 | J10: 170.413 | K10: =J10/H10 -> 0.16061788 | L10: =G10/H10 -> 3.0147474 | M10: =IF(OR(J10<=0,G10/J10>50),"n.m.",G10/J10) -> 18.769688 | N10: Company metrics LTM; shares and BS per statements | P10: =A19 -> Frontdoor | Q10: =M19 -> 12.617113
A11: Napco Security | B11: NSSC | C11: 39.66 | D11: 35.768 | E11: =C11*D11 -> 1418.5589 | F11: =F30 -> -126.928 | G11: =E11+F11 -> 1291.6309 | H11: 202.316 | I11: 0.11395 | J11: 47.846 | K11: =J11/H11 -> 0.23649143 | L11: =G11/H11 -> 6.3842251 | M11: =IF(OR(J11<=0,G11/J11>50),"n.m.",G11/J11) -> 26.995588 | N11: Company metrics LTM; shares and BS per statements | P11: =A6 -> Verisure | Q11: =M6 -> 10.057585
A12: Resideo | B12: REZI | C12: 18.31 | D12: 151.847 | E12: =C12*D12 -> 2780.3186 | F12: =F31 -> 3011 | G12: =E12+F12 -> 5791.3186 | H12: 7652 | I12: 0.03419 | J12: 727 | K12: =J12/H12 -> 0.095007841 | L12: =G12/H12 -> 0.75683724 | M12: =IF(OR(J12<=0,G12/J12>50),"n.m.",G12/J12) -> 7.9660503 | N12: Company metrics LTM; shares and BS per statements | P12: =A12 -> Resideo | Q12: =M12 -> 7.9660503
A13: Arlo | B13: ARLO | C13: 13.64 | D13: 107.613 | E13: =C13*D13 -> 1467.8413 | F13: =F32 -> -101.382 | G13: =E13+F13 -> 1366.4593 | H13: 587.145 | I13: 0.15646 | J13: 22.472 | K13: =J13/H13 -> 0.03827334 | L13: =G13/H13 -> 2.3272945 | M13: =IF(OR(J13<=0,G13/J13>50),"n.m.",G13/J13) -> n.m. | N13: Company metrics LTM; shares and BS per statements | P13: =A7 -> Brink's | Q13: =M7 -> 7.4974038
A14: Allegion | B14: ALLE | C14: 180.66 | D14: 84.321 | E14: =C14*D14 -> 15233.432 | F14: =F33 -> 1644.2 | G14: =E14+F14 -> 16877.632 | H14: 4390.9 | I14: 0.10332 | J14: 1086.2 | K14: =J14/H14 -> 0.24737525 | L14: =G14/H14 -> 3.843775 | M14: =IF(OR(J14<=0,G14/J14>50),"n.m.",G14/J14) -> 15.538236 | N14: Company metrics LTM; shares and BS per statements | P14: =A24 -> ADT @ offer | Q14: =M24 -> 5.7362838
A15: Johnson Controls | B15: JCI | C15: 157.35 | D15: 605.741 | E15: =C15*D15 -> 95313.346 | F15: =F34 -> 8659 | G15: =E15+F15 -> 103972.35 | H15: 24995 | I15: 0.06807 | J15: 3762 | K15: =J15/H15 -> 0.1505101 | L15: =G15/H15 -> 4.1597258 | M15: =IF(OR(J15<=0,G15/J15>50),"n.m.",G15/J15) -> 27.637519 | N15: Company metrics LTM; shares and BS per statements | P15: =A23 -> ADT @ unaffected | Q15: =M23 -> 4.8519196
A16: Median | I16: =MEDIAN(I10:I15) -> 0.09527 | K16: =MEDIAN(K10:K15) -> 0.15556399 | L16: =MEDIAN(L10:L15) -> 3.4292612 | M16: =MEDIAN(M10:M15) -> 18.769688
A17: Route-based home services
A18: Rollins | B18: ROL | C18: 33.5 | D18: 478.045 | E18: =C18*D18 -> 16014.507 | F18: =F35 -> 598.099 | G18: =E18+F18 -> 16612.606 | H18: 3987.583 | I18: 0.08349 | J18: 860.718 | K18: =J18/H18 -> 0.21584955 | L18: =G18/H18 -> 4.1660842 | M18: =IF(OR(J18<=0,G18/J18>50),"n.m.",G18/J18) -> 19.30087 | N18: Company metrics LTM; shares and BS per statements
A19: Frontdoor | B19: FTDR | C19: 84.2 | D19: 68.893 | E19: =C19*D19 -> 5800.7906 | F19: =F36 -> 533 | G19: =E19+F19 -> 6333.7906 | H19: 2147 | I19: 0.09262 | J19: 502 | K19: =J19/H19 -> 0.23381463 | L19: =G19/H19 -> 2.9500655 | M19: =IF(OR(J19<=0,G19/J19>50),"n.m.",G19/J19) -> 12.617113 | N19: Company metrics LTM; shares and BS per statements
A20: Median | I20: =MEDIAN(I18:I19) -> 0.088055 | K20: =MEDIAN(K18:K19) -> 0.22483209 | L20: =MEDIAN(L18:L19) -> 3.5580748 | M20: =MEDIAN(M18:M19) -> 15.958992
A21: Overall median | I21: =MEDIAN(I6:I7,I10:I15,I18:I19) -> 0.08992 | K21: =MEDIAN(K6:K7,K10:K15,K18:K19) -> 0.18957362 | L21: =MEDIAN(L6:L7,L10:L15,L18:L19) -> 3.4292612 | M21: =MEDIAN(M6:M7,M10:M15,M18:M19) -> 15.538236
A23: ADT @ unaffected | B23: ADT | C23: =Model!Y6 -> 6.87 | D23: =Model!Y9 -> 760 | E23: =C23*D23 -> 5221.2 | F23: =Model!Y11+Model!Y12 -> 7829.697 | G23: =E23+F23 -> 13050.897 | H23: ='Income Statement'!G7 -> 5166 | I23: ='Income Statement'!D7/'Income Statement'!C7-1 -> 0.047162107 | J23: ='Income Statement'!G21 -> 2689.842 | K23: =J23/H23 -> 0.52068177 | L23: =G23/H23 -> 2.526306 | M23: =IF(OR(J23<=0,G23/J23>50),"n.m.",G23/J23) -> 4.8519196 | N23: Close 27-Oct-26; FD shares implied from release; FY25 growth; Adj. EBITDA
A24: ADT @ offer | B24: ADT | C24: =Model!E5 -> 10 | D24: =Model!Y9 -> 760 | E24: =C24*D24 -> 7600 | F24: =Model!Y11+Model!Y12 -> 7829.697 | G24: =E24+F24 -> 15429.697 | H24: ='Income Statement'!G7 -> 5166 | I24: ='Income Statement'!D7/'Income Statement'!C7-1 -> 0.047162107 | J24: ='Income Statement'!G21 -> 2689.842 | K24: =J24/H24 -> 0.52068177 | L24: =G24/H24 -> 2.9867784 | M24: =IF(OR(J24<=0,G24/J24>50),"n.m.",G24/J24) -> 5.7362838 | N24: $10.00 offer; Adj. EBITDA
A26: Net debt build | B26: LT Debt | C26: Current LTD | D26: ST Debt | E26: Cash | F26: Net Debt | G26: Period | H26: Source
A27: Verisure | B27: 3913 | C27: 1295.7 | D27: 0 | E27: 36.7 | F27: =B27+C27+D27-E27 -> 5172 | G27: Q2 2026 | H27: Standardized balance sheet
A28: Brink's | B28: 3895.1 | C28: 98.4 | D28: 248.8 | E28: 1658.2 | F28: =B28+C28+D28-E28 -> 2584.1 | G28: Q2 2026 | H28: Standardized balance sheet
A29: Alarm.com | B29: 491.094 | C29: 0 | D29: 0 | E29: 479.418 | F29: =B29+C29+D29-E29 -> 11.676 | G29: Q2 2026 | H29: Standardized balance sheet
A30: Napco Security | B30: 0 | C30: 0 | D30: 0 | E30: 126.928 | F30: =B30+C30+D30-E30 -> -126.928 | G30: Q4 2026 | H30: Standardized balance sheet
A31: Resideo | B31: 3560 | C31: 0 | D31: 0 | E31: 549 | F31: =B31+C31+D31-E31 -> 3011 | G31: Q2 2026 | H31: Standardized balance sheet
A32: Arlo | B32: 0 | C32: 0 | D32: 0 | E32: 101.382 | F32: =B32+C32+D32-E32 -> -101.382 | G32: Q2 2026 | H32: Standardized balance sheet
A33: Allegion | B33: 2031.7 | C33: 0.3 | D33: 0.3 | E33: 388.1 | F33: =B33+C33+D33-E33 -> 1644.2 | G33: Q3 2026 | H33: Standardized balance sheet
A34: Johnson Controls | B34: 7533 | C34: 1066 | D34: 678 | E34: 618 | F34: =B34+C34+D34-E34 -> 8659 | G34: Q4 2026 | H34: Standardized balance sheet
A35: Rollins | B35: 487.587 | C35: 0 | D35: 239.562 | E35: 129.05 | F35: =B35+C35+D35-E35 -> 598.099 | G35: Q3 2026 | H35: Standardized balance sheet
A36: Frontdoor | B36: 1131 | C36: 29 | D36: 0 | E36: 627 | F36: =B36+C36+D36-E36 -> 533 | G36: Q2 2026 | H36: Standardized balance sheet

Sheet Sensitivity
B1: Sensitivity tables refresh with F9.
B2: ADT Take-Private by Thrive Holdings: Sensitivity
B3: ($ in millions; sponsor IRR and MOIC at the FY31 exit, read from the Model tab; yellow cells are inputs)
B5: Inputs
B6: Hurdle IRR (sponsor) | E6: =Model!M5 -> 0.2 | F6: Model's own hurdle (Model tab)
E8: Downside | J8: Base | O8: Upside | S8: Grid
B9: Input | E9: Value | F9: Basis | J9: Value | K9: Basis | O9: Value | P9: Basis | S9: Step
B10: Operating
B11: Gross RMR adds, % of opening RMR (avg FY27–31) | E11: =AVERAGE('Driver Assumptions'!G9:K9) -> 0.1256 | F11: Model Downside: 12.9% FY27 falling to 12.3% | J11: =AVERAGE('Driver Assumptions'!G10:K10) -> 0.1374 | K11: Model Base: 13.4% FY27 rising to 14.0% | O11: =AVERAGE('Driver Assumptions'!G11:K11) -> 0.1424 | P11: Model Upside: 13.7% FY27 rising to 14.7% | S11: 0.004
B12: Gross revenue attrition (avg FY27–31) | E12: =AVERAGE('Driver Assumptions'!G14:K14) -> 0.1376 | F12: Model Downside: 13.4% FY27 rising to 14.0% | J12: =AVERAGE('Driver Assumptions'!G15:K15) -> 0.1208 | K12: Model Base: 12.8% FY27 to 11.5% FY31 | O12: =AVERAGE('Driver Assumptions'!G16:K16) -> 0.1146 | P12: Model Upside: 12.4% FY27 to 10.8% FY31 | S12: 0.006
B13: Installation revenue / gross RMR adds (avg FY27–31) | E13: =AVERAGE('Driver Assumptions'!G19:K19) -> 17 | F13: Model Downside: flat 17.0x | J13: =AVERAGE('Driver Assumptions'!G20:K20) -> 19.5 | K13: Model Base: 18.5x FY27 rising to 20.5x | O13: =AVERAGE('Driver Assumptions'!G21:K21) -> 21.2 | P13: Model Upside: 19.5x FY27 rising to 22.5x | S13: 1
B14: M&S cost, % of M&S revenue (avg FY27–31) | E14: =AVERAGE('Driver Assumptions'!G24:K24) -> 0.147 | F14: Model Downside: flat at FY25A 14.7% | J14: =AVERAGE('Driver Assumptions'!G25:K25) -> 0.13 | K14: Model Base: 14.0% FY27 to 12.0% FY31 | O14: =AVERAGE('Driver Assumptions'!G26:K26) -> 0.118 | P14: Model Upside: 13.5% FY27 to 10.5% FY31 | S14: 0.0075
B15: Adj. SG&A, % of revenue (avg FY27–31) | E15: =AVERAGE('Driver Assumptions'!G29:K29) -> 0.29 | F15: Model Downside: 28.8% FY26, then flat 29.0% | J15: =AVERAGE('Driver Assumptions'!G30:K30) -> 0.257 | K15: Model Base: 27.5% FY27 to 24.2% FY31 | O15: =AVERAGE('Driver Assumptions'!G31:K31) -> 0.242 | P15: Model Upside: 26.5% FY27 to 22.5% FY31 | S15: 0.0125
B16: Net SAC / gross RMR adds (avg FY27–31) | E16: =AVERAGE('Driver Assumptions'!G34:K34) -> 25.9 | F16: Model Downside: 25.0x FY27 rising to 26.5x | J16: =AVERAGE('Driver Assumptions'!G35:K35) -> 22.8 | K16: Model Base: 23.5x FY27 to 22.2x FY31 | O16: =AVERAGE('Driver Assumptions'!G36:K36) -> 21.36 | P16: Model Upside: 22.5x FY27 to 20.5x FY31 | S16: 1
B17: Exit
B18: Exit EV / LTM Adj. EBITDA (FY31) | E18: =(Model!Y6*Model!Y9+Model!Y11+Model!Y12)/Model!Y4 -> 4.8519196 | F18: Market today: TEV at $6.87 unaffected / LTM EBITDA (our call) | J18: =Model!E6 -> 6 | K18: ="Model's stipulated exit; "&TEXT(Model!Y15,"0.0x")&" paid at the offer" -> Model's stipulated exit; 5.7x paid at the offer | O18: n.a. | P18: No re-rating above the model's exit | S18: 0.5
B19: Entry
B20: Offer price per share | E20: 10.5 | F20: Offer plus ~5%, e.g. a go-shop topping bid (our call) | J20: =Model!E5 -> 10 | K20: Signed offer (8-K, 29-Oct-26) | O20: n.a. | P20: The signed price can only rise | S20: 0.5
B21: Every level links to the model's own case rows on Driver Assumptions except the two marked 'our call'. Grid steps and headroom moves blend the whole per-year path towards its Downside (or Upside) path, so the shape is kept.
B23: 1. 2x2 Grids: Sponsor IRR (FY31 exit; every other input at Base)
B24: Five steps per axis, Base in the centre (light blue, ties to the Model); each step blends the whole per-year path. Step sizes are in the Inputs table.
B26: Sponsor IRR: Exit multiple vs. Offer price | J26: Sponsor IRR: Adj. SG&A vs. Offer price | R26: Sponsor IRR: Attrition vs. Offer price
D27: Offer price per share | L27: Offer price per share | T27: Offer price per share
C28: =Model!$M$140 -> 0.21173549 | D28: =$J$20-2*$S$20 -> 9 | E28: =$J$20-1*$S$20 -> 9.5 | F28: =$J$20+0*$S$20 -> 10 | G28: =$J$20+1*$S$20 -> 10.5 | H28: =$J$20+2*$S$20 -> 11 | K28: =Model!$M$140 -> 0.21173549 | L28: =$J$20-2*$S$20 -> 9 | M28: =$J$20-1*$S$20 -> 9.5 | N28: =$J$20+0*$S$20 -> 10 | O28: =$J$20+1*$S$20 -> 10.5 | P28: =$J$20+2*$S$20 -> 11 | S28: =Model!$M$140 -> 0.21173549 | T28: =$J$20-2*$S$20 -> 9 | U28: =$J$20-1*$S$20 -> 9.5 | V28: =$J$20+0*$S$20 -> 10 | W28: =$J$20+1*$S$20 -> 10.5 | X28: =$J$20+2*$S$20 -> 11
B29: Exit EV / LTM Adj. EBITDA (FY31) | C29: =$J$18-2*$S$18 -> 5 | D29: =C645 -> 0.18029641 | E29: =D645 -> 0.15821686 | F29: =E645 -> 0.13848766 | G29: =F645 -> 0.1206924 | H29: =G645 -> 0.1045139 | J29: Adj. SG&A, % of revenue (avg FY27–31) | K29: =$J$15-2*$S$15 -> 0.232 | L29: =C653 -> 0.28698484 | M29: =D653 -> 0.2627134 | N29: =E653 -> 0.24101217 | O29: =F653 -> 0.22142608 | P29: =G653 -> 0.2036085 | R29: Gross revenue attrition (avg FY27–31) | S29: =$J$12-2*$S$12 -> 0.1088 | T29: =C661 -> 0.28275114 | U29: =D661 -> 0.25856553 | V29: =E661 -> 0.23694147 | W29: =F661 -> 0.2174254 | X29: =G661 -> 0.19967184
C30: =$J$18-1*$S$18 -> 5.5 | D30: =C646 -> 0.22079112 | E30: =D646 -> 0.19787186 | F30: =E646 -> 0.17738672 | G30: =F646 -> 0.15890458 | H30: =G646 -> 0.14209705 | K30: =$J$15-1*$S$15 -> 0.2445 | L30: =C654 -> 0.27212286 | M30: =D654 -> 0.24815312 | N30: =E654 -> 0.22672311 | O30: =F654 -> 0.20738313 | P30: =G654 -> 0.18979063 | S30: =$J$12-1*$S$12 -> 0.1148 | T30: =C662 -> 0.26977914 | U30: =D662 -> 0.24585707 | V30: =E662 -> 0.22446992 | W30: =F662 -> 0.20516884 | X30: =G662 -> 0.18761192
C31: =$J$18+0*$S$18 -> 6 | D31: =C647 -> 0.25653205 | E31: =D647 -> 0.23287991 | F31: =E647 -> 0.21173549 | G31: =F647 -> 0.19265472 | H31: =G647 -> 0.17529933 | K31: =$J$15+0*$S$15 -> 0.257 | L31: =C655 -> 0.25653205 | M31: =D655 -> 0.23287991 | N31: =E655 -> 0.21173549 | O31: =F655 -> 0.19265472 | P31: =G655 -> 0.17529933 | S31: =$J$12+0*$S$12 -> 0.1208 | T31: =C663 -> 0.25653205 | U31: =D663 -> 0.23287991 | V31: =E663 -> 0.21173549 | W31: =F663 -> 0.19265472 | X31: =G663 -> 0.17529933
C32: =$J$18+1*$S$18 -> 6.5 | D32: =C648 -> 0.28861594 | E32: =D648 -> 0.26431144 | F32: =E648 -> 0.24258051 | G32: =F648 -> 0.22296747 | H32: =G648 -> 0.20512523 | K32: =$J$15+1*$S$15 -> 0.2695 | L32: =C656 -> 0.23719463 | M32: =D656 -> 0.21393813 | N32: =E656 -> 0.19314958 | O32: =F656 -> 0.17439188 | P32: =G656 -> 0.15733213 | S32: =$J$12+1*$S$12 -> 0.1268 | T32: =C664 -> 0.2441703 | U32: =D664 -> 0.22077086 | V32: =E664 -> 0.19985371 | W32: =F664 -> 0.18097926 | X32: =G664 -> 0.16381266
C33: =$J$18+2*$S$18 -> 7 | D33: =C649 -> 0.31779021 | E33: =D649 -> 0.29289642 | F33: =E649 -> 0.2706359 | G33: =F649 -> 0.25054247 | H33: =G649 -> 0.23226103 | K33: =$J$15+2*$S$15 -> 0.282 | L33: =C657 -> 0.2165667 | M33: =D657 -> 0.19373455 | N33: =E657 -> 0.1733278 | O33: =F657 -> 0.15491686 | P33: =G657 -> 0.1381745 | S33: =$J$12+2*$S$12 -> 0.1328 | T33: =C665 -> 0.23153955 | U33: =D665 -> 0.20839914 | V33: =E665 -> 0.18771502 | W33: =F665 -> 0.16905216 | X33: =G665 -> 0.15207921
B36: Sponsor IRR: M&S cost vs. Offer price | J36: Sponsor IRR: Adj. SG&A vs. Exit multiple | R36: Sponsor IRR: Attrition vs. Exit multiple
D37: Offer price per share | L37: Exit EV / LTM Adj. EBITDA (FY31) | T37: Exit EV / LTM Adj. EBITDA (FY31)
C38: =Model!$M$140 -> 0.21173549 | D38: =$J$20-2*$S$20 -> 9 | E38: =$J$20-1*$S$20 -> 9.5 | F38: =$J$20+0*$S$20 -> 10 | G38: =$J$20+1*$S$20 -> 10.5 | H38: =$J$20+2*$S$20 -> 11 | K38: =Model!$M$140 -> 0.21173549 | L38: =$J$18-2*$S$18 -> 5 | M38: =$J$18-1*$S$18 -> 5.5 | N38: =$J$18+0*$S$18 -> 6 | O38: =$J$18+1*$S$18 -> 6.5 | P38: =$J$18+2*$S$18 -> 7 | S38: =Model!$M$140 -> 0.21173549 | T38: =$J$18-2*$S$18 -> 5 | U38: =$J$18-1*$S$18 -> 5.5 | V38: =$J$18+0*$S$18 -> 6 | W38: =$J$18+1*$S$18 -> 6.5 | X38: =$J$18+2*$S$18 -> 7
B39: M&S cost, % of M&S rev. (avg FY27–31) | C39: =$J$14-2*$S$14 -> 0.115 | D39: =C669 -> 0.27267093 | E39: =D669 -> 0.24869003 | F39: =E669 -> 0.22725001 | G39: =F669 -> 0.20790094 | H39: =G669 -> 0.19030012 | J39: Adj. SG&A, % of revenue (avg FY27–31) | K39: =$J$15-2*$S$15 -> 0.232 | L39: =C677 -> 0.17180794 | M39: =D677 -> 0.20838928 | N39: =E677 -> 0.24101217 | O39: =F677 -> 0.27052677 | P39: =G677 -> 0.29752918 | R39: Gross revenue attrition (avg FY27–31) | S39: =$J$12-2*$S$12 -> 0.1088 | T39: =C685 -> 0.16625169 | U39: =D685 -> 0.20366965 | V39: =E685 -> 0.23694147 | W39: =F685 -> 0.26697643 | X39: =G685 -> 0.29440697
C40: =$J$14-1*$S$14 -> 0.1225 | D40: =C670 -> 0.26470445 | E40: =D670 -> 0.24088568 | F40: =E670 -> 0.21959143 | G40: =F670 -> 0.20037464 | H40: =G670 -> 0.18289484 | K40: =$J$15-1*$S$15 -> 0.2445 | L40: =C678 -> 0.15562801 | M40: =D678 -> 0.19329063 | N40: =E678 -> 0.22672311 | O40: =F678 -> 0.25686427 | P40: =G678 -> 0.28436405 | S40: =$J$12-1*$S$12 -> 0.1148 | T40: =C686 -> 0.15256415 | U40: =D686 -> 0.19068527 | V40: =E686 -> 0.22446992 | W40: =F686 -> 0.25489135 | X40: =G686 -> 0.28262031
C41: =$J$14+0*$S$14 -> 0.13 | D41: =C671 -> 0.25653205 | E41: =D671 -> 0.23287991 | F41: =E671 -> 0.21173549 | G41: =F671 -> 0.19265472 | H41: =G671 -> 0.17529933 | K41: =$J$15+0*$S$15 -> 0.257 | L41: =C679 -> 0.13848766 | M41: =D679 -> 0.17738672 | N41: =E679 -> 0.21173549 | O41: =F679 -> 0.24258051 | P41: =G679 -> 0.2706359 | S41: =$J$12+0*$S$12 -> 0.1208 | T41: =C687 -> 0.13848766 | U41: =D687 -> 0.17738672 | V41: =E687 -> 0.21173549 | W41: =F687 -> 0.24258051 | X41: =G687 -> 0.2706359
C42: =$J$14+1*$S$14 -> 0.1375 | D42: =C672 -> 0.24667004 | E42: =D672 -> 0.22321943 | F42: =E672 -> 0.20225627 | G42: =F672 -> 0.18334003 | H42: =G672 -> 0.1661352 | K42: =$J$15+1*$S$15 -> 0.2695 | L42: =C680 -> 0.11720847 | M42: =D680 -> 0.15766582 | N42: =E680 -> 0.19314958 | O42: =F680 -> 0.22485433 | P42: =G680 -> 0.25358032 | S42: =$J$12+1*$S$12 -> 0.1268 | T42: =C688 -> 0.12529965 | U42: =D688 -> 0.16495864 | V42: =E688 -> 0.19985371 | W42: =F688 -> 0.23110624 | X42: =G688 -> 0.259474
C43: =$J$14+2*$S$14 -> 0.145 | D43: =C673 -> 0.23648572 | E43: =D673 -> 0.21324377 | F43: =E673 -> 0.1924683 | G43: =F673 -> 0.17372248 | H43: =G673 -> 0.1566736 | K43: =$J$15+2*$S$15 -> 0.282 | L43: =C681 -> 0.094172518 | M43: =D681 -> 0.13650165 | N43: =E681 -> 0.1733278 | O43: =F681 -> 0.20603831 | P43: =G681 -> 0.23554261 | S43: =$J$12+2*$S$12 -> 0.1328 | T43: =C689 -> 0.11172294 | U43: =D689 -> 0.15222084 | V43: =E689 -> 0.18771502 | W43: =F689 -> 0.21941258 | X43: =G689 -> 0.2481206
B46: Sponsor IRR: M&S cost vs. Exit multiple | J46: Sponsor IRR: Attrition vs. Adj. SG&A | R46: Sponsor IRR: Attrition vs. M&S cost
D47: Exit EV / LTM Adj. EBITDA (FY31) | L47: Adj. SG&A, % of revenue (avg FY27–31) | T47: M&S cost, % of M&S rev. (avg FY27–31)
C48: =Model!$M$140 -> 0.21173549 | D48: =$J$18-2*$S$18 -> 5 | E48: =$J$18-1*$S$18 -> 5.5 | F48: =$J$18+0*$S$18 -> 6 | G48: =$J$18+1*$S$18 -> 6.5 | H48: =$J$18+2*$S$18 -> 7 | K48: =Model!$M$140 -> 0.21173549 | L48: =$J$15-2*$S$15 -> 0.232 | M48: =$J$15-1*$S$15 -> 0.2445 | N48: =$J$15+0*$S$15 -> 0.257 | O48: =$J$15+1*$S$15 -> 0.2695 | P48: =$J$15+2*$S$15 -> 0.282 | S48: =Model!$M$140 -> 0.21173549 | T48: =$J$14-2*$S$14 -> 0.115 | U48: =$J$14-1*$S$14 -> 0.1225 | V48: =$J$14+0*$S$14 -> 0.13 | W48: =$J$14+1*$S$14 -> 0.1375 | X48: =$J$14+2*$S$14 -> 0.145
B49: M&S cost, % of M&S rev. (avg FY27–31) | C49: =$J$14-2*$S$14 -> 0.115 | D49: =C693 -> 0.15615651 | E49: =D693 -> 0.19381731 | F49: =E693 -> 0.22725001 | G49: =F693 -> 0.25739263 | H49: =G693 -> 0.28489465 | J49: Gross revenue attrition (avg FY27–31) | K49: =$J$12-2*$S$12 -> 0.1088 | L49: =C701 -> 0.26519618 | M49: =D701 -> 0.25138774 | N49: =E701 -> 0.23694147 | O49: =F701 -> 0.21903919 | P49: =G701 -> 0.20001897 | R49: Gross revenue attrition (avg FY27–31) | S49: =$J$12-2*$S$12 -> 0.1088 | T49: =C709 -> 0.25193275 | U49: =D709 -> 0.2445274 | V49: =E709 -> 0.23694147 | W49: =F709 -> 0.22778586 | X49: =G709 -> 0.21834871
C50: =$J$14-1*$S$14 -> 0.1225 | D50: =C694 -> 0.14745811 | E50: =D694 -> 0.18571585 | F50: =E694 -> 0.21959143 | G50: =F694 -> 0.25007432 | H50: =G694 -> 0.27784482 | K50: =$J$12-1*$S$12 -> 0.1148 | L50: =C702 -> 0.25321498 | M50: =D702 -> 0.23917578 | N50: =E702 -> 0.22446992 | O50: =F702 -> 0.20624064 | P50: =G702 -> 0.18683774 | S50: =$J$12-1*$S$12 -> 0.1148 | T50: =C710 -> 0.2397118 | U50: =D710 -> 0.23218512 | V50: =E710 -> 0.22446992 | W50: =F710 -> 0.21515962 | X50: =G710 -> 0.20555492
C51: =$J$14+0*$S$14 -> 0.13 | D51: =C695 -> 0.13848766 | E51: =D695 -> 0.17738672 | F51: =E695 -> 0.21173549 | G51: =F695 -> 0.24258051 | H51: =G695 -> 0.2706359 | K51: =$J$12+0*$S$12 -> 0.1208 | L51: =C703 -> 0.24101217 | M51: =D703 -> 0.22672311 | N51: =E703 -> 0.21173549 | O51: =F703 -> 0.19314958 | P51: =G703 -> 0.1733278 | S51: =$J$12+0*$S$12 -> 0.1208 | T51: =C711 -> 0.22725001 | U51: =D711 -> 0.21959143 | V51: =E711 -> 0.21173549 | W51: =F711 -> 0.20225627 | X51: =G711 -> 0.1924683
C52: =$J$14+1*$S$14 -> 0.1375 | D52: =C696 -> 0.12770741 | E52: =D696 -> 0.16735859 | F52: =E696 -> 0.20225627 | G52: =F696 -> 0.23351743 | H52: =G696 -> 0.26189744 | K52: =$J$12+1*$S$12 -> 0.1268 | L52: =C704 -> 0.22966591 | M52: =D704 -> 0.21512544 | N52: =E704 -> 0.19985371 | O52: =F704 -> 0.18090927 | P52: =G704 -> 0.16066488 | S52: =$J$12+1*$S$12 -> 0.1268 | T52: =C712 -> 0.21564051 | U52: =D712 -> 0.20785027 | V52: =E712 -> 0.19985371 | W52: =F712 -> 0.19020696 | X52: =G712 -> 0.18023692
C53: =$J$14+2*$S$14 -> 0.145 | D53: =C697 -> 0.11649846 | E53: =D697 -> 0.15697353 | F53: =E697 -> 0.1924683 | G53: =F697 -> 0.22417989 | H53: =G697 -> 0.25291 | K53: =$J$12+2*$S$12 -> 0.1328 | L53: =C705 -> 0.21810601 | M53: =D705 -> 0.20329421 | N53: =E705 -> 0.18771502 | O53: =F705 -> 0.16838066 | P53: =G705 -> 0.14767472 | S53: =$J$12+2*$S$12 -> 0.1328 | T53: =C713 -> 0.20379717 | U53: =D713 -> 0.19586423 | V53: =E713 -> 0.18771502 | W53: =F713 -> 0.17788584 | X53: =G713 -> 0.16771718
B56: Sponsor IRR: M&S cost vs. Adj. SG&A
D57: Adj. SG&A, % of revenue (avg FY27–31)
C58: =Model!$M$140 -> 0.21173549 | D58: =$J$15-2*$S$15 -> 0.232 | E58: =$J$15-1*$S$15 -> 0.2445 | F58: =$J$15+0*$S$15 -> 0.257 | G58: =$J$15+1*$S$15 -> 0.2695 | H58: =$J$15+2*$S$15 -> 0.282
B59: M&S cost, % of M&S rev. (avg FY27–31) | C59: =$J$14-2*$S$14 -> 0.115 | D59: =C717 -> 0.25515346 | E59: =D717 -> 0.24151524 | F59: =E717 -> 0.22725001 | G59: =F717 -> 0.2096206 | H59: =G717 -> 0.19089917
C60: =$J$14-1*$S$14 -> 0.1225 | D60: =C718 -> 0.24816292 | E60: =D718 -> 0.23420782 | F60: =E718 -> 0.21959143 | G60: =F718 -> 0.20149798 | H60: =G718 -> 0.18224405
C61: =$J$14+0*$S$14 -> 0.13 | D61: =C719 -> 0.24101217 | E61: =D719 -> 0.22672311 | F61: =E719 -> 0.21173549 | G61: =F719 -> 0.19314958 | H61: =G719 -> 0.1733278
C62: =$J$14+1*$S$14 -> 0.1375 | D62: =C720 -> 0.23241165 | E62: =D720 -> 0.21770726 | F62: =E720 -> 0.20225627 | G62: =F720 -> 0.18305287 | H62: =G720 -> 0.16251504
C63: =$J$14+2*$S$14 -> 0.145 | D63: =C721 -> 0.22356413 | E63: =D721 -> 0.2084162 | F63: =E721 -> 0.1924683 | G63: =F721 -> 0.17259922 | H63: =G721 -> 0.15128436
B66: 2. Value-Creation Bridge (Base, FY31 exit; $ in millions)
B67: Equity invested to equity at exit | H67: $m
B68: Equity invested | H68: =Model!M139 -> 4505.5051
B69: (+) EBITDA growth: (exit − entry EBITDA) × entry multiple | H69: =(Model!M131-Model!Y4)*Model!Y15 -> 3606.2577
B70: (+) Multiple expansion: (exit − entry multiple) × exit EBITDA | H70: =(Model!M132-Model!Y15)*Model!M131 -> 875.14678
B71: (+) Net debt paydown: entry − exit net debt | H71: =Model!H121-Model!M121 -> 3573.2446
B72: (−) Transaction and financing fees at entry | H72: =-(Model!I22+Model!I23) -> -407.63657
B73: (−) Management incentive plan at exit | H73: =Model!M137 -> -382.35063
B74: Equity at exit (bridge) | H74: =SUM(H68:H73) -> 11770.167
B75: Model equity at exit (Model!M138) | H75: =Model!M138 -> 11770.167
B76: Check: bridge − model | H76: =H74-H75 -> 0
B78: ="At an exit multiple equal to the entry multiple ("&TEXT(Model!Y15,"0.0x")&" instead of "&TEXT(Model!E6,"0.0x")&"), sponsor IRR would be "&TEXT($C$334,"0.0%")&" against "&TEXT($C$183,"0.0%")&": multiple expansion carries "&TEXT(($C$183-$C$334)*100,"0.0")&" points of the return and takes it over the "&TEXT($E$6,"0%")&" hurdle." -> At an exit multiple equal to the entry multiple (5.7x instead of 6.0x), sponsor IRR would be 19.4% against 21.2%: multiple expansion carries 1.8 points of the return and takes it over the 20% hurdle.
B87: 3. Case Bridge: Model Downside → Base → Upside, one driver at a time
B88: Step | H88: IRR / change
B89: Model Downside IRR | H89: =INDEX($C$183:$C$310,64) -> 0.032370155
B90: (+) Gross RMR adds: Downside → Base | H90: =C314 -> 0.020239959
B91: (+) Attrition: Downside → Base | H91: =C315 -> 0.039064937
B92: (+) Install rev. / add: Downside → Base | H92: =C316 -> 0.011692464
B93: (+) M&S cost: Downside → Base | H93: =C317 -> 0.02720813
B94: (+) Adj. SG&A: Downside → Base | H94: =C318 -> 0.059129054
B95: (+) Net SAC / add: Downside → Base | H95: =C319 -> 0.022030791
B96: Model Base IRR | H96: =INDEX($C$183:$C$310,1) -> 0.21173549
B97: (+) Gross RMR adds: Base → Upside | H97: =D314 -> 0.0087376808
B98: (+) Attrition: Base → Upside | H98: =D315 -> 0.012647367
B99: (+) Install rev. / add: Base → Upside | H99: =D316 -> 0.0060336178
B100: (+) M&S cost: Base → Upside | H100: =D317 -> 0.011720209
B101: (+) Adj. SG&A: Base → Upside | H101: =D318 -> 0.017160831
B102: (+) Net SAC / add: Base → Upside | H102: =D319 -> 0.0075856815
B103: Model Upside IRR | H103: =INDEX($C$183:$C$310,128) -> 0.27562088
B108: Each bar is the driver's average contribution over every order in which the six drivers could be switched (computed from the 64 stored subsets per half), so the bars sum exactly to the gaps between the model's case IRRs and the order does not matter. Price and exit multiple do not change between the model's cases.
B111: 4. Headroom: each input moved on its own, everything else at Base
B112: Input | E112: Base | F112: Model Downside | G112: Misses the hurdle at | H112: Cushion | J112: Loses money at
B113: =INDEX($B$323:$B$330,MATCH(SMALL($I$323:$I$330,1),$I$323:$I$330,0)) -> Exit multiple | E113: =TEXT(INDEX($L$323:$L$330,MATCH(SMALL($I$323:$I$330,1),$I$323:$I$330,0)),INDEX($J$323:$J$330,MATCH(SMALL($I$323:$I$330,1),$I$323:$I$330,0))) -> 6.0x | F113: =TEXT(INDEX($M$323:$M$330,MATCH(SMALL($I$323:$I$330,1),$I$323:$I$330,0)),INDEX($J$323:$J$330,MATCH(SMALL($I$323:$I$330,1),$I$323:$I$330,0))) -> 4.9x | G113: =IF(INDEX($D$323:$D$330,MATCH(SMALL($I$323:$I$330,1),$I$323:$I$330,0))="","Not reached",TEXT(INDEX($E$323:$E$330,MATCH(SMALL($I$323:$I$330,1),$I$323:$I$330,0)),INDEX($J$323:$J$330,MATCH(SMALL($I$323:$I$330,1),$I$323:$I$330,0)))) -> 5.8x | H113: =IF(INDEX($D$323:$D$330,MATCH(SMALL($I$323:$I$330,1),$I$323:$I$330,0))="","n.a.",IF(INDEX($K$323:$K$330,MATCH(SMALL($I$323:$I$330,1),$I$323:$I$330,0))="pp",TEXT((INDEX($E$323:$E$330,MATCH(SMALL($I$323:$I$330,1),$I$323:$I$330,0))-INDEX($L$323:$L$330,MATCH(SMALL($I$323:$I$330,1),$I$323:$I$330,0)))*100,"+0.0;-0.0")&" pp",IF(INDEX($K$323:$K$330,MATCH(SMALL($I$323:$I$330,1),$I$323:$I$330,0))="x",TEXT(INDEX($E$323:$E$330,MATCH(SMALL($I$323:$I$330,1),$I$323:$I$330,0))-INDEX($L$323:$L$330,MATCH(SMALL($I$323:$I$330,1),$I$323:$I$330,0)),"+0.0;-0.0")&"x",TEXT(INDEX($E$323:$E$330,MATCH(SMALL($I$323:$I$330,1),$I$323:$I$330,0))-INDEX($L$323:$L$330,MATCH(SMALL($I$323:$I$330,1),$I$323:$I$330,0)),"+$0.00;-$0.00")))) -> -0.2x | J113: =IF(INDEX($H$323:$H$330,MATCH(SMALL($I$323:$I$330,1),$I$323:$I$330,0))="","Not reached",TEXT(INDEX($H$323:$H$330,MATCH(SMALL($I$323:$I$330,1),$I$323:$I$330,0)),INDEX($J$323:$J$330,MATCH(SMALL($I$323:$I$330,1),$I$323:$I$330,0)))) -> 3.7x
B114: =INDEX($B$323:$B$330,MATCH(SMALL($I$323:$I$330,2),$I$323:$I$330,0)) -> Adj. SG&A | E114: =TEXT(INDEX($L$323:$L$330,MATCH(SMALL($I$323:$I$330,2),$I$323:$I$330,0)),INDEX($J$323:$J$330,MATCH(SMALL($I$323:$I$330,2),$I$323:$I$330,0))) -> 25.7% | F114: =TEXT(INDEX($M$323:$M$330,MATCH(SMALL($I$323:$I$330,2),$I$323:$I$330,0)),INDEX($J$323:$J$330,MATCH(SMALL($I$323:$I$330,2),$I$323:$I$330,0))) -> 29.0% | G114: =IF(INDEX($D$323:$D$330,MATCH(SMALL($I$323:$I$330,2),$I$323:$I$330,0))="","Not reached",TEXT(INDEX($E$323:$E$330,MATCH(SMALL($I$323:$I$330,2),$I$323:$I$330,0)),INDEX($J$323:$J$330,MATCH(SMALL($I$323:$I$330,2),$I$323:$I$330,0)))) -> 26.5% | H114: =IF(INDEX($D$323:$D$330,MATCH(SMALL($I$323:$I$330,2),$I$323:$I$330,0))="","n.a.",IF(INDEX($K$323:$K$330,MATCH(SMALL($I$323:$I$330,2),$I$323:$I$330,0))="pp",TEXT((INDEX($E$323:$E$330,MATCH(SMALL($I$323:$I$330,2),$I$323:$I$330,0))-INDEX($L$323:$L$330,MATCH(SMALL($I$323:$I$330,2),$I$323:$I$330,0)))*100,"+0.0;-0.0")&" pp",IF(INDEX($K$323:$K$330,MATCH(SMALL($I$323:$I$330,2),$I$323:$I$330,0))="x",TEXT(INDEX($E$323:$E$330,MATCH(SMALL($I$323:$I$330,2),$I$323:$I$330,0))-INDEX($L$323:$L$330,MATCH(SMALL($I$323:$I$330,2),$I$323:$I$330,0)),"+0.0;-0.0")&"x",TEXT(INDEX($E$323:$E$330,MATCH(SMALL($I$323:$I$330,2),$I$323:$I$330,0))-INDEX($L$323:$L$330,MATCH(SMALL($I$323:$I$330,2),$I$323:$I$330,0)),"+$0.00;-$0.00")))) -> +0.8 pp | J114: =IF(INDEX($H$323:$H$330,MATCH(SMALL($I$323:$I$330,2),$I$323:$I$330,0))="","Not reached",TEXT(INDEX($H$323:$H$330,MATCH(SMALL($I$323:$I$330,2),$I$323:$I$330,0)),INDEX($J$323:$J$330,MATCH(SMALL($I$323:$I$330,2),$I$323:$I$330,0)))) -> 36.1%
B115: =INDEX($B$323:$B$330,MATCH(SMALL($I$323:$I$330,3),$I$323:$I$330,0)) -> Attrition | E115: =TEXT(INDEX($L$323:$L$330,MATCH(SMALL($I$323:$I$330,3),$I$323:$I$330,0)),INDEX($J$323:$J$330,MATCH(SMALL($I$323:$I$330,3),$I$323:$I$330,0))) -> 12.1% | F115: =TEXT(INDEX($M$323:$M$330,MATCH(SMALL($I$323:$I$330,3),$I$323:$I$330,0)),INDEX($J$323:$J$330,MATCH(SMALL($I$323:$I$330,3),$I$323:$I$330,0))) -> 13.8% | G115: =IF(INDEX($D$323:$D$330,MATCH(SMALL($I$323:$I$330,3),$I$323:$I$330,0))="","Not reached",TEXT(INDEX($E$323:$E$330,MATCH(SMALL($I$323:$I$330,3),$I$323:$I$330,0)),INDEX($J$323:$J$330,MATCH(SMALL($I$323:$I$330,3),$I$323:$I$330,0)))) -> 12.7% | H115: =IF(INDEX($D$323:$D$330,MATCH(SMALL($I$323:$I$330,3),$I$323:$I$330,0))="","n.a.",IF(INDEX($K$323:$K$330,MATCH(SMALL($I$323:$I$330,3),$I$323:$I$330,0))="pp",TEXT((INDEX($E$323:$E$330,MATCH(SMALL($I$323:$I$330,3),$I$323:$I$330,0))-INDEX($L$323:$L$330,MATCH(SMALL($I$323:$I$330,3),$I$323:$I$330,0)))*100,"+0.0;-0.0")&" pp",IF(INDEX($K$323:$K$330,MATCH(SMALL($I$323:$I$330,3),$I$323:$I$330,0))="x",TEXT(INDEX($E$323:$E$330,MATCH(SMALL($I$323:$I$330,3),$I$323:$I$330,0))-INDEX($L$323:$L$330,MATCH(SMALL($I$323:$I$330,3),$I$323:$I$330,0)),"+0.0;-0.0")&"x",TEXT(INDEX($E$323:$E$330,MATCH(SMALL($I$323:$I$330,3),$I$323:$I$330,0))-INDEX($L$323:$L$330,MATCH(SMALL($I$323:$I$330,3),$I$323:$I$330,0)),"+$0.00;-$0.00")))) -> +0.6 pp | J115: =IF(INDEX($H$323:$H$330,MATCH(SMALL($I$323:$I$330,3),$I$323:$I$330,0))="","Not reached",TEXT(INDEX($H$323:$H$330,MATCH(SMALL($I$323:$I$330,3),$I$323:$I$330,0)),INDEX($J$323:$J$330,MATCH(SMALL($I$323:$I$330,3),$I$323:$I$330,0)))) -> 20.8%
B116: =INDEX($B$323:$B$330,MATCH(SMALL($I$323:$I$330,4),$I$323:$I$330,0)) -> M&S cost | E116: =TEXT(INDEX($L$323:$L$330,MATCH(SMALL($I$323:$I$330,4),$I$323:$I$330,0)),INDEX($J$323:$J$330,MATCH(SMALL($I$323:$I$330,4),$I$323:$I$330,0))) -> 13.0% | F116: =TEXT(INDEX($M$323:$M$330,MATCH(SMALL($I$323:$I$330,4),$I$323:$I$330,0)),INDEX($J$323:$J$330,MATCH(SMALL($I$323:$I$330,4),$I$323:$I$330,0))) -> 14.7% | G116: =IF(INDEX($D$323:$D$330,MATCH(SMALL($I$323:$I$330,4),$I$323:$I$330,0))="","Not reached",TEXT(INDEX($E$323:$E$330,MATCH(SMALL($I$323:$I$330,4),$I$323:$I$330,0)),INDEX($J$323:$J$330,MATCH(SMALL($I$323:$I$330,4),$I$323:$I$330,0)))) -> 13.9% | H116: =IF(INDEX($D$323:$D$330,MATCH(SMALL($I$323:$I$330,4),$I$323:$I$330,0))="","n.a.",IF(INDEX($K$323:$K$330,MATCH(SMALL($I$323:$I$330,4),$I$323:$I$330,0))="pp",TEXT((INDEX($E$323:$E$330,MATCH(SMALL($I$323:$I$330,4),$I$323:$I$330,0))-INDEX($L$323:$L$330,MATCH(SMALL($I$323:$I$330,4),$I$323:$I$330,0)))*100,"+0.0;-0.0")&" pp",IF(INDEX($K$323:$K$330,MATCH(SMALL($I$323:$I$330,4),$I$323:$I$330,0))="x",TEXT(INDEX($E$323:$E$330,MATCH(SMALL($I$323:$I$330,4),$I$323:$I$330,0))-INDEX($L$323:$L$330,MATCH(SMALL($I$323:$I$330,4),$I$323:$I$330,0)),"+0.0;-0.0")&"x",TEXT(INDEX($E$323:$E$330,MATCH(SMALL($I$323:$I$330,4),$I$323:$I$330,0))-INDEX($L$323:$L$330,MATCH(SMALL($I$323:$I$330,4),$I$323:$I$330,0)),"+$0.00;-$0.00")))) -> +0.9 pp | J116: =IF(INDEX($H$323:$H$330,MATCH(SMALL($I$323:$I$330,4),$I$323:$I$330,0))="","Not reached",TEXT(INDEX($H$323:$H$330,MATCH(SMALL($I$323:$I$330,4),$I$323:$I$330,0)),INDEX($J$323:$J$330,MATCH(SMALL($I$323:$I$330,4),$I$323:$I$330,0)))) -> Not reached
B117: =INDEX($B$323:$B$330,MATCH(SMALL($I$323:$I$330,5),$I$323:$I$330,0)) -> Gross RMR adds | E117: =TEXT(INDEX($L$323:$L$330,MATCH(SMALL($I$323:$I$330,5),$I$323:$I$330,0)),INDEX($J$323:$J$330,MATCH(SMALL($I$323:$I$330,5),$I$323:$I$330,0))) -> 13.7% | F117: =TEXT(INDEX($M$323:$M$330,MATCH(SMALL($I$323:$I$330,5),$I$323:$I$330,0)),INDEX($J$323:$J$330,MATCH(SMALL($I$323:$I$330,5),$I$323:$I$330,0))) -> 12.6% | G117: =IF(INDEX($D$323:$D$330,MATCH(SMALL($I$323:$I$330,5),$I$323:$I$330,0))="","Not reached",TEXT(INDEX($E$323:$E$330,MATCH(SMALL($I$323:$I$330,5),$I$323:$I$330,0)),INDEX($J$323:$J$330,MATCH(SMALL($I$323:$I$330,5),$I$323:$I$330,0)))) -> 13.0% | H117: =IF(INDEX($D$323:$D$330,MATCH(SMALL($I$323:$I$330,5),$I$323:$I$330,0))="","n.a.",IF(INDEX($K$323:$K$330,MATCH(SMALL($I$323:$I$330,5),$I$323:$I$330,0))="pp",TEXT((INDEX($E$323:$E$330,MATCH(SMALL($I$323:$I$330,5),$I$323:$I$330,0))-INDEX($L$323:$L$330,MATCH(SMALL($I$323:$I$330,5),$I$323:$I$330,0)))*100,"+0.0;-0.0")&" pp",IF(INDEX($K$323:$K$330,MATCH(SMALL($I$323:$I$330,5),$I$323:$I$330,0))="x",TEXT(INDEX($E$323:$E$330,MATCH(SMALL($I$323:$I$330,5),$I$323:$I$330,0))-INDEX($L$323:$L$330,MATCH(SMALL($I$323:$I$330,5),$I$323:$I$330,0)),"+0.0;-0.0")&"x",TEXT(INDEX($E$323:$E$330,MATCH(SMALL($I$323:$I$330,5),$I$323:$I$330,0))-INDEX($L$323:$L$330,MATCH(SMALL($I$323:$I$330,5),$I$323:$I$330,0)),"+$0.00;-$0.00")))) -> -0.7 pp | J117: =IF(INDEX($H$323:$H$330,MATCH(SMALL($I$323:$I$330,5),$I$323:$I$330,0))="","Not reached",TEXT(INDEX($H$323:$H$330,MATCH(SMALL($I$323:$I$330,5),$I$323:$I$330,0)),INDEX($J$323:$J$330,MATCH(SMALL($I$323:$I$330,5),$I$323:$I$330,0)))) -> Not reached
B118: =INDEX($B$323:$B$330,MATCH(SMALL($I$323:$I$330,6),$I$323:$I$330,0)) -> Offer price | E118: =TEXT(INDEX($L$323:$L$330,MATCH(SMALL($I$323:$I$330,6),$I$323:$I$330,0)),INDEX($J$323:$J$330,MATCH(SMALL($I$323:$I$330,6),$I$323:$I$330,0))) -> $10.00 | F118: =TEXT(INDEX($M$323:$M$330,MATCH(SMALL($I$323:$I$330,6),$I$323:$I$330,0)),INDEX($J$323:$J$330,MATCH(SMALL($I$323:$I$330,6),$I$323:$I$330,0))) -> $10.50 | G118: =IF(INDEX($D$323:$D$330,MATCH(SMALL($I$323:$I$330,6),$I$323:$I$330,0))="","Not reached",TEXT(INDEX($E$323:$E$330,MATCH(SMALL($I$323:$I$330,6),$I$323:$I$330,0)),INDEX($J$323:$J$330,MATCH(SMALL($I$323:$I$330,6),$I$323:$I$330,0)))) -> $10.30 | H118: =IF(INDEX($D$323:$D$330,MATCH(SMALL($I$323:$I$330,6),$I$323:$I$330,0))="","n.a.",IF(INDEX($K$323:$K$330,MATCH(SMALL($I$323:$I$330,6),$I$323:$I$330,0))="pp",TEXT((INDEX($E$323:$E$330,MATCH(SMALL($I$323:$I$330,6),$I$323:$I$330,0))-INDEX($L$323:$L$330,MATCH(SMALL($I$323:$I$330,6),$I$323:$I$330,0)))*100,"+0.0;-0.0")&" pp",IF(INDEX($K$323:$K$330,MATCH(SMALL($I$323:$I$330,6),$I$323:$I$330,0))="x",TEXT(INDEX($E$323:$E$330,MATCH(SMALL($I$323:$I$330,6),$I$323:$I$330,0))-INDEX($L$323:$L$330,MATCH(SMALL($I$323:$I$330,6),$I$323:$I$330,0)),"+0.0;-0.0")&"x",TEXT(INDEX($E$323:$E$330,MATCH(SMALL($I$323:$I$330,6),$I$323:$I$330,0))-INDEX($L$323:$L$330,MATCH(SMALL($I$323:$I$330,6),$I$323:$I$330,0)),"+$0.00;-$0.00")))) -> +$0.30 | J118: =IF(INDEX($H$323:$H$330,MATCH(SMALL($I$323:$I$330,6),$I$323:$I$330,0))="","Not reached",TEXT(INDEX($H$323:$H$330,MATCH(SMALL($I$323:$I$330,6),$I$323:$I$330,0)),INDEX($J$323:$J$330,MATCH(SMALL($I$323:$I$330,6),$I$323:$I$330,0)))) -> Not reached
B119: =INDEX($B$323:$B$330,MATCH(SMALL($I$323:$I$330,7),$I$323:$I$330,0)) -> Net SAC / add | E119: =TEXT(INDEX($L$323:$L$330,MATCH(SMALL($I$323:$I$330,7),$I$323:$I$330,0)),INDEX($J$323:$J$330,MATCH(SMALL($I$323:$I$330,7),$I$323:$I$330,0))) -> 22.8x | F119: =TEXT(INDEX($M$323:$M$330,MATCH(SMALL($I$323:$I$330,7),$I$323:$I$330,0)),INDEX($J$323:$J$330,MATCH(SMALL($I$323:$I$330,7),$I$323:$I$330,0))) -> 25.9x | G119: =IF(INDEX($D$323:$D$330,MATCH(SMALL($I$323:$I$330,7),$I$323:$I$330,0))="","Not reached",TEXT(INDEX($E$323:$E$330,MATCH(SMALL($I$323:$I$330,7),$I$323:$I$330,0)),INDEX($J$323:$J$330,MATCH(SMALL($I$323:$I$330,7),$I$323:$I$330,0)))) -> 24.8x | H119: =IF(INDEX($D$323:$D$330,MATCH(SMALL($I$323:$I$330,7),$I$323:$I$330,0))="","n.a.",IF(INDEX($K$323:$K$330,MATCH(SMALL($I$323:$I$330,7),$I$323:$I$330,0))="pp",TEXT((INDEX($E$323:$E$330,MATCH(SMALL($I$323:$I$330,7),$I$323:$I$330,0))-INDEX($L$323:$L$330,MATCH(SMALL($I$323:$I$330,7),$I$323:$I$330,0)))*100,"+0.0;-0.0")&" pp",IF(INDEX($K$323:$K$330,MATCH(SMALL($I$323:$I$330,7),$I$323:$I$330,0))="x",TEXT(INDEX($E$323:$E$330,MATCH(SMALL($I$323:$I$330,7),$I$323:$I$330,0))-INDEX($L$323:$L$330,MATCH(SMALL($I$323:$I$330,7),$I$323:$I$330,0)),"+0.0;-0.0")&"x",TEXT(INDEX($E$323:$E$330,MATCH(SMALL($I$323:$I$330,7),$I$323:$I$330,0))-INDEX($L$323:$L$330,MATCH(SMALL($I$323:$I$330,7),$I$323:$I$330,0)),"+$0.00;-$0.00")))) -> +2.0x | J119: =IF(INDEX($H$323:$H$330,MATCH(SMALL($I$323:$I$330,7),$I$323:$I$330,0))="","Not reached",TEXT(INDEX($H$323:$H$330,MATCH(SMALL($I$323:$I$330,7),$I$323:$I$330,0)),INDEX($J$323:$J$330,MATCH(SMALL($I$323:$I$330,7),$I$323:$I$330,0)))) -> Not reached
B120: =INDEX($B$323:$B$330,MATCH(SMALL($I$323:$I$330,8),$I$323:$I$330,0)) -> Install rev. / add | E120: =TEXT(INDEX($L$323:$L$330,MATCH(SMALL($I$323:$I$330,8),$I$323:$I$330,0)),INDEX($J$323:$J$330,MATCH(SMALL($I$323:$I$330,8),$I$323:$I$330,0))) -> 19.5x | F120: =TEXT(INDEX($M$323:$M$330,MATCH(SMALL($I$323:$I$330,8),$I$323:$I$330,0)),INDEX($J$323:$J$330,MATCH(SMALL($I$323:$I$330,8),$I$323:$I$330,0))) -> 17.0x | G120: =IF(INDEX($D$323:$D$330,MATCH(SMALL($I$323:$I$330,8),$I$323:$I$330,0))="","Not reached",TEXT(INDEX($E$323:$E$330,MATCH(SMALL($I$323:$I$330,8),$I$323:$I$330,0)),INDEX($J$323:$J$330,MATCH(SMALL($I$323:$I$330,8),$I$323:$I$330,0)))) -> 16.7x | H120: =IF(INDEX($D$323:$D$330,MATCH(SMALL($I$323:$I$330,8),$I$323:$I$330,0))="","n.a.",IF(INDEX($K$323:$K$330,MATCH(SMALL($I$323:$I$330,8),$I$323:$I$330,0))="pp",TEXT((INDEX($E$323:$E$330,MATCH(SMALL($I$323:$I$330,8),$I$323:$I$330,0))-INDEX($L$323:$L$330,MATCH(SMALL($I$323:$I$330,8),$I$323:$I$330,0)))*100,"+0.0;-0.0")&" pp",IF(INDEX($K$323:$K$330,MATCH(SMALL($I$323:$I$330,8),$I$323:$I$330,0))="x",TEXT(INDEX($E$323:$E$330,MATCH(SMALL($I$323:$I$330,8),$I$323:$I$330,0))-INDEX($L$323:$L$330,MATCH(SMALL($I$323:$I$330,8),$I$323:$I$330,0)),"+0.0;-0.0")&"x",TEXT(INDEX($E$323:$E$330,MATCH(SMALL($I$323:$I$330,8),$I$323:$I$330,0))-INDEX($L$323:$L$330,MATCH(SMALL($I$323:$I$330,8),$I$323:$I$330,0)),"+$0.00;-$0.00")))) -> -2.8x | J120: =IF(INDEX($H$323:$H$330,MATCH(SMALL($I$323:$I$330,8),$I$323:$I$330,0))="","Not reached",TEXT(INDEX($H$323:$H$330,MATCH(SMALL($I$323:$I$330,8),$I$323:$I$330,0)),INDEX($J$323:$J$330,MATCH(SMALL($I$323:$I$330,8),$I$323:$I$330,0)))) -> Not reached
B122: ="Tightest: "&B113&" misses the hurdle at "&G113&" ("&H113&" from Base), then "&B114&" at "&G114&" ("&H114&") and "&B115&" at "&G115&" ("&H115&"). Offer price: the Base clears the hurdle up to "&INDEX(G113:G120,MATCH("Offer price",B113:B120,0))&" per share." -> Tightest: Exit multiple misses the hurdle at 5.8x (-0.2x from Base), then Adj. SG&A at 26.5% (+0.8 pp) and Attrition at 12.7% (+0.6 pp). Offer price: the Base clears the hurdle up to $10.30 per share.
B124: 5. Decision Tree: Exit Routes × Model Cases (sponsor IRR and MOIC at each route's exit year)
B125: Exit route | E125: Exit year | F125: Multiple | G125: Basis
B126: Strategic sale (Brinks Home, a large security or telco buyer) | E126: 2030 | F126: 7 | G126: Our call. A strategic can pay for synergies: priced between the 5.7x paid and Brink's 7.5x trading multiple (Peer Benchmark), below the 8.8x monitoring peer median. Sold a year early (FY30), once leverage is under 3x.
B127: Sponsor-to-sponsor sale (the model's route) | E127: =YEAR(Model!$M$28) -> 2031 | F127: =Model!$E$6 -> 6 | G127: Model's own exit: FY31 at its stipulated 6.0x.
B128: IPO with a sell-down | E128: 2032 | F128: =$E$18 -> 4.8519196 | G128: Our call. IPO priced at ADT's own public multiple at the $6.87 unaffected price (4.9x, an IPO discount to the 6.0x private value); listed FY31, sold down by FY32 and treated as one exit at FY32.
B130: Decision | D130: Exit route | G130: Chance: model case | J130: Route | K130: Case | L130: Exit year | M130: Exit multiple | N130: Equity at exit ($m) | O130: MOIC | P130: IRR | R130: ="Clears "&TEXT($E$6,"0%")&"?" -> Clears 20%? | S130: Probability
...
